Workbook

Sheet Anexo I pag 1 oferta
A1: NOTA IMPORTANTE: ESTE ANEXO I Y TABLA/S DE DESGLOSE DE MEDICIONES CORRESPONDIENTE A LOTE/S OFERTADO/S SE PRESENTARA/N EN FORMATO PDF
I5: “Adecuación pasarelas de mantenimiento PRADO DEL REY y TORRESPAÑA"
I6: Expediente n.º S/06500/2023
A9: ANEXO I: MODELO DE PROPOSICIÓN ECONÓMICA
A12: D./Dª | F12: provisto de D.N.I./NIE número
A13: (Nombre y dos apellidos)
A15: en calidad de | D15: de la empresa
C16: (cargo que ocupa) | F16: (nombre o razón social)
A18: con NIF | C18: y domicilio social en | H18: DP número
A21: calle/plaza | H21: número
A23: conforme acredita con Poder.
A25: Se compromete a prestarlo con estricta sujeción a todas las condiciones técnicas y legales que se contienen en las Condiciones Generales de Contratación y de Condiciones Técnicas Particulares que ha examinado y expresamente acepta, señalando como características de su proposición las siguientes:
A27: A. El precio máximo ofertado, expresado sin IVA u otros impuestos indirectos equivalentes, es el siguiente:
G29: Presenta oferta conjunta (si/no)
H30: NO
A32: Lote | B32: Descripción | E32: importe oferta (€) (a) | G32: oferta conjunta
G33: % dscto. ofertado (b) | H33: importe € (c) | I33: % dscto. efectivo
A34: 1 | B34: ADECUACION PASARELAS TORRESPAÑA | E34: =IF(AND('LOTE 1 Tabla Desglose Precio'!$H$63=0,'Anexo I pag 1 oferta'!$H$30="si"),"ERROR, sin oferta",IF('LOTE 1 Tabla Desglose Precio'!$H$63>137044.16,"error, supera 137.044,16",'LOTE 1 Tabla Desglose Precio'!$H$63)) -> 0 | H34: =+IF($H$30<>"SI","",IF(AND($H$30="si",E34+E36=E34),"Lote 1 ó 2 sin ofertar",IF(AND($H$30="si",E34=0),"Lote 1 sin ofertar",IF(AND($H$30="si",$G$34+$G$36=0),"% no valido",IF(AND($H$30="si",G34>=0,G34/100<='LOTE 1 Tabla Desglose Precio'!$J$6),+'LOTE 1 Tabla Desglose Precio'!$K$63,"max "&'LOTE 1 Tabla Desglose Precio'!$J$6*100&" % - min 0 %"))))) | I34: =+IF($H$30<>"si","",IF(OR($E$34<=0,$E$36<=0,AND($G$34<=0,$G$36<=0)),"",IF($G$34/100>'LOTE 1 Tabla Desglose Precio'!$J$6,"",IF(H34>0,1-((H34)/E34),""))))
A36: 2 | B36: ADECUACION PASARELAS PRADO DEL REY | E36: =IF(AND('LOTE 2 Tabla Desglose Precio'!$H$144=0,'Anexo I pag 1 oferta'!$H$30="si"),"ERROR, sin oferta",IF('LOTE 2 Tabla Desglose Precio'!$H$144>244302.8,"error, supera 244.302,8",'LOTE 2 Tabla Desglose Precio'!$H$144)) -> 0 | H36: =+IF($H$30<>"SI","",IF(AND($H$30="si",E34+E36=E36),"Lote 1 ó 2 sin ofertar",IF(AND($H$30="si",E36=0),"Lote 2 sin ofertar",IF(AND($H$30="si",$G$34+$G$36=0),"% no valido",IF(AND($H$30="si",G36>=0,G36/100<='LOTE 2 Tabla Desglose Precio'!$J$6),+'LOTE 2 Tabla Desglose Precio'!$K$144,"max "&'LOTE 2 Tabla Desglose Precio'!$J$6*100&" % - min 0 %"))))) | I36: =+IF($H$30<>"si","",IF(OR($E$34<=0,$E$36<=0,AND($G$34<=0,$G$36<=0)),"",IF($G$36/100>'LOTE 2 Tabla Desglose Precio'!$J$6,"",IF(H36>0,1-((H36)/E36),""))))
G38: TOTAL OFERTA CONJUNTA | H38: =IF(H30<>"SI","",IF(+G34+G36>0,+H34+H36,""))
A40: (b) | B40: máximo descuento ofertado XX % (dos decimales) valores válidos en ambos Lotes de 0,00 % o superior %
B41: en oferta conjunta al menos 1 valor de columna (b) debe ser mayor que 0,00 %
A43: (c) | B43: Obtenido por aplicación de (a) sobre todas las partidas de Desglose Precio ofertadas en cada Lote % dscto efectivo = .(c)/(a)
B44: (MAXIMO CUIATRO DECIMALES)
A46: Las proposiciones económicas no podrán superar el importe total para cada uno de los lotes del valor estimado indicado en el Anexo II, apartado 3.
A48: B. Desglose Precio:
B54: (tabla desglose precio de lote/s se incluye en páginas siguientes)
B60: Fdo.:

Sheet LOTE 1  Tabla Desglose Precio
A1: NOTA IMPORTANTE: Este fichero de mediciones en Excel (ÚNICO FORMATO DISPONIBLE) se facilita como ayuda para la preparación de la oferta económica. Debe considerarse que, en todo caso, el ÚNICO CONTENIDO TÉCNICO VINCULANTE ES EL DEFINIDO EN EL PLIEGO DE CONDICIONES TÉCNICAS y el licitador debe verificar que los capítulos y contenidos de la oferta presentada correspondan exactamente con las mediciones del Proyecto.
A2: NOTA IMPORTANTE: Este fichero de mediciones en Excel (ÚNICO FORMATO DISPONIBLE) se facilita como ayuda para la preparación de la oferta económica. Debe considerarse que, en todo caso, el ÚNICO CONTENIDO TÉCNICO VINCULANTE ES EL DEFINIDO EN EL PLIEGO DE CONDICIONES TÉCNICAS y el licitador debe verificar que los capítulos y contenidos de la oferta presentada correspondan exactamente con las mediciones del Proyecto.
A3: ESTA TABLA DESGLOSE PRECIO DE OFERTA SE PRESENTARA EN FORMATO PDF en Sobre C del LOTE 1 | J3: descto max. No se ve por licitador (actualmente modificable)
A5: S-06500-2023 - Adecuación pasarelas de mantenimiento PRADO DEL REY y TORRESPAÑA | J5: DESCUENTO MÁXIMO LOTE 1
A6: Lote 1: ADECUACION PASARELAS TORRESPAÑA | J6: 1
J8: OFERTA CONJUNTA LOTE 1
A9: Código | B9: Nat | C9: Ud | D9: Resumen | F9: CanPres | G9: PrPres | H9: ImpPres (*) | J9: PrPres | K9: ImpPres (*)
A10: Proyecto: MEJORA PLATAFORMAS DE TRABAJO EN FACHADA EDIFICIOS TORRESPAÑA
A11: CAP.01 | B11: Capítulo | D11: TRABAJOS PREVIOS Y DEMOLICIONES
A12: 01_01 | B12: Partida | C12: Ud | D12: MONTAJE Y DESMONTAJE DE ANDAMIO TUBULAR DE FACHADA. | F12: 2 | H12: =+ROUND(+F12*G12,2) -> 0 | J12: =+IF('Anexo I pag 1 oferta'!$H$30<>"si","",+IF(OR(SUM('Anexo I pag 1 oferta'!$G$34+'Anexo I pag 1 oferta'!$G$36)<=0,AND('Anexo I pag 1 oferta'!$G$34="",'Anexo I pag 1 oferta'!$G$36="")),"",IF(OR(('Anexo I pag 1 oferta'!$G$34/100)>'LOTE 1 Tabla Desglose Precio'!$J$6,('Anexo I pag 1 oferta'!$G$36/100)>'LOTE 2 Tabla Desglose Precio'!$J$6),"error % max.",IF(G12>=E12,+ROUND(((100-'Anexo I pag 1 oferta'!$G$34)/100)*'LOTE 1 Tabla Desglose Precio'!G12,2),ROUND(((100-'Anexo I pag 1 oferta'!$G$34)/100)*'LOTE 1 Tabla Desglose Precio'!E12,2))))) | K12: =IF('Anexo I pag 1 oferta'!$H$30<>"si","",+ROUND(+F12*J12,2))
A13: 01_02 | B13: Partida | C13: Ud | D13: ALQUILER DE ANDAMIO TUBULAR DE FACHADA. | F13: 2 | H13: =+ROUND(+F13*G13,2) -> 0 | J13: =+IF('Anexo I pag 1 oferta'!$H$30<>"si","",+IF(OR(SUM('Anexo I pag 1 oferta'!$G$34+'Anexo I pag 1 oferta'!$G$36)<=0,AND('Anexo I pag 1 oferta'!$G$34="",'Anexo I pag 1 oferta'!$G$36="")),"",IF(OR(('Anexo I pag 1 oferta'!$G$34/100)>'LOTE 1 Tabla Desglose Precio'!$J$6,('Anexo I pag 1 oferta'!$G$36/100)>'LOTE 2 Tabla Desglose Precio'!$J$6),"error % max.",IF(G13>=E13,+ROUND(((100-'Anexo I pag 1 oferta'!$G$34)/100)*'LOTE 1 Tabla Desglose Precio'!G13,2),ROUND(((100-'Anexo I pag 1 oferta'!$G$34)/100)*'LOTE 1 Tabla Desglose Precio'!E13,2))))) | K13: =IF('Anexo I pag 1 oferta'!$H$30<>"si","",+ROUND(+F13*J13,2))
A14: 01_03 | B14: Partida | C14: Ud | D14: TRANSPORTE Y RETIRADA DE ANDAMIO TUBULAR DE FACHADA. | F14: 2 | H14: =+ROUND(+F14*G14,2) -> 0 | J14: =+IF('Anexo I pag 1 oferta'!$H$30<>"si","",+IF(OR(SUM('Anexo I pag 1 oferta'!$G$34+'Anexo I pag 1 oferta'!$G$36)<=0,AND('Anexo I pag 1 oferta'!$G$34="",'Anexo I pag 1 oferta'!$G$36="")),"",IF(OR(('Anexo I pag 1 oferta'!$G$34/100)>'LOTE 1 Tabla Desglose Precio'!$J$6,('Anexo I pag 1 oferta'!$G$36/100)>'LOTE 2 Tabla Desglose Precio'!$J$6),"error % max.",IF(G14>=E14,+ROUND(((100-'Anexo I pag 1 oferta'!$G$34)/100)*'LOTE 1 Tabla Desglose Precio'!G14,2),ROUND(((100-'Anexo I pag 1 oferta'!$G$34)/100)*'LOTE 1 Tabla Desglose Precio'!E14,2))))) | K14: =IF('Anexo I pag 1 oferta'!$H$30<>"si","",+ROUND(+F14*J14,2))
A15: 01_04 | B15: Partida | C15: m | D15: LEVANTADO BARANDILLA METÁLICA PERFILERIA TUBO CIRCULAR. | F15: 76 | H15: =+ROUND(+F15*G15,2) -> 0 | J15: =+IF('Anexo I pag 1 oferta'!$H$30<>"si","",+IF(OR(SUM('Anexo I pag 1 oferta'!$G$34+'Anexo I pag 1 oferta'!$G$36)<=0,AND('Anexo I pag 1 oferta'!$G$34="",'Anexo I pag 1 oferta'!$G$36="")),"",IF(OR(('Anexo I pag 1 oferta'!$G$34/100)>'LOTE 1 Tabla Desglose Precio'!$J$6,('Anexo I pag 1 oferta'!$G$36/100)>'LOTE 2 Tabla Desglose Precio'!$J$6),"error % max.",IF(G15>=E15,+ROUND(((100-'Anexo I pag 1 oferta'!$G$34)/100)*'LOTE 1 Tabla Desglose Precio'!G15,2),ROUND(((100-'Anexo I pag 1 oferta'!$G$34)/100)*'LOTE 1 Tabla Desglose Precio'!E15,2))))) | K15: =IF('Anexo I pag 1 oferta'!$H$30<>"si","",+ROUND(+F15*J15,2))
A16: 01_05 | B16: Partida | C16: m | D16: LEVANTADO BARANDILLA METÁLICA BALAUSTRES PERFIL T Y PASAMANOS TU | F16: 42 | H16: =+ROUND(+F16*G16,2) -> 0 | J16: =+IF('Anexo I pag 1 oferta'!$H$30<>"si","",+IF(OR(SUM('Anexo I pag 1 oferta'!$G$34+'Anexo I pag 1 oferta'!$G$36)<=0,AND('Anexo I pag 1 oferta'!$G$34="",'Anexo I pag 1 oferta'!$G$36="")),"",IF(OR(('Anexo I pag 1 oferta'!$G$34/100)>'LOTE 1 Tabla Desglose Precio'!$J$6,('Anexo I pag 1 oferta'!$G$36/100)>'LOTE 2 Tabla Desglose Precio'!$J$6),"error % max.",IF(G16>=E16,+ROUND(((100-'Anexo I pag 1 oferta'!$G$34)/100)*'LOTE 1 Tabla Desglose Precio'!G16,2),ROUND(((100-'Anexo I pag 1 oferta'!$G$34)/100)*'LOTE 1 Tabla Desglose Precio'!E16,2))))) | K16: =IF('Anexo I pag 1 oferta'!$H$30<>"si","",+ROUND(+F16*J16,2))
A17: 01_06 | B17: Partida | C17: m | D17: LEVANTADO REJILLA ELECTROSOLDADA PLANCHAS 185X50CM i/MARCO ÁNGUL | F17: 76 | H17: =+ROUND(+F17*G17,2) -> 0 | J17: =+IF('Anexo I pag 1 oferta'!$H$30<>"si","",+IF(OR(SUM('Anexo I pag 1 oferta'!$G$34+'Anexo I pag 1 oferta'!$G$36)<=0,AND('Anexo I pag 1 oferta'!$G$34="",'Anexo I pag 1 oferta'!$G$36="")),"",IF(OR(('Anexo I pag 1 oferta'!$G$34/100)>'LOTE 1 Tabla Desglose Precio'!$J$6,('Anexo I pag 1 oferta'!$G$36/100)>'LOTE 2 Tabla Desglose Precio'!$J$6),"error % max.",IF(G17>=E17,+ROUND(((100-'Anexo I pag 1 oferta'!$G$34)/100)*'LOTE 1 Tabla Desglose Precio'!G17,2),ROUND(((100-'Anexo I pag 1 oferta'!$G$34)/100)*'LOTE 1 Tabla Desglose Precio'!E17,2))))) | K17: =IF('Anexo I pag 1 oferta'!$H$30<>"si","",+ROUND(+F17*J17,2))
A18: 01_07 | B18: Partida | C18: m | D18: LEVANTADO REJILLA ELECTROSOLDADA PLETINA-VARILLA. PLANCHAS 100X6 | F18: 24.48 | H18: =+ROUND(+F18*G18,2) -> 0 | J18: =+IF('Anexo I pag 1 oferta'!$H$30<>"si","",+IF(OR(SUM('Anexo I pag 1 oferta'!$G$34+'Anexo I pag 1 oferta'!$G$36)<=0,AND('Anexo I pag 1 oferta'!$G$34="",'Anexo I pag 1 oferta'!$G$36="")),"",IF(OR(('Anexo I pag 1 oferta'!$G$34/100)>'LOTE 1 Tabla Desglose Precio'!$J$6,('Anexo I pag 1 oferta'!$G$36/100)>'LOTE 2 Tabla Desglose Precio'!$J$6),"error % max.",IF(G18>=E18,+ROUND(((100-'Anexo I pag 1 oferta'!$G$34)/100)*'LOTE 1 Tabla Desglose Precio'!G18,2),ROUND(((100-'Anexo I pag 1 oferta'!$G$34)/100)*'LOTE 1 Tabla Desglose Precio'!E18,2))))) | K18: =IF('Anexo I pag 1 oferta'!$H$30<>"si","",+ROUND(+F18*J18,2))
A19: 01_08 | B19: Partida | C19: ud | D19: DESMONTAJE DE MÉNSULA METÁLICA PALASTRO 10MM. | F19: 90 | H19: =+ROUND(+F19*G19,2) -> 0 | J19: =+IF('Anexo I pag 1 oferta'!$H$30<>"si","",+IF(OR(SUM('Anexo I pag 1 oferta'!$G$34+'Anexo I pag 1 oferta'!$G$36)<=0,AND('Anexo I pag 1 oferta'!$G$34="",'Anexo I pag 1 oferta'!$G$36="")),"",IF(OR(('Anexo I pag 1 oferta'!$G$34/100)>'LOTE 1 Tabla Desglose Precio'!$J$6,('Anexo I pag 1 oferta'!$G$36/100)>'LOTE 2 Tabla Desglose Precio'!$J$6),"error % max.",IF(G19>=E19,+ROUND(((100-'Anexo I pag 1 oferta'!$G$34)/100)*'LOTE 1 Tabla Desglose Precio'!G19,2),ROUND(((100-'Anexo I pag 1 oferta'!$G$34)/100)*'LOTE 1 Tabla Desglose Precio'!E19,2))))) | K19: =IF('Anexo I pag 1 oferta'!$H$30<>"si","",+ROUND(+F19*J19,2))
A20: 01_09 | B20: Partida | C20: m² | D20: CAJEADO EN FACHADA PANELES SÁNDWICH AISLANTES METÁLICOS C/RECUPE | F20: 90 | H20: =+ROUND(+F20*G20,2) -> 0 | J20: =+IF('Anexo I pag 1 oferta'!$H$30<>"si","",+IF(OR(SUM('Anexo I pag 1 oferta'!$G$34+'Anexo I pag 1 oferta'!$G$36)<=0,AND('Anexo I pag 1 oferta'!$G$34="",'Anexo I pag 1 oferta'!$G$36="")),"",IF(OR(('Anexo I pag 1 oferta'!$G$34/100)>'LOTE 1 Tabla Desglose Precio'!$J$6,('Anexo I pag 1 oferta'!$G$36/100)>'LOTE 2 Tabla Desglose Precio'!$J$6),"error % max.",IF(G20>=E20,+ROUND(((100-'Anexo I pag 1 oferta'!$G$34)/100)*'LOTE 1 Tabla Desglose Precio'!G20,2),ROUND(((100-'Anexo I pag 1 oferta'!$G$34)/100)*'LOTE 1 Tabla Desglose Precio'!E20,2))))) | K20: =IF('Anexo I pag 1 oferta'!$H$30<>"si","",+ROUND(+F20*J20,2))
D21: CAP.01 | H21: =SUM(H12:H20) -> 0 | K21: =SUM(K12:K20) -> 0
A22: CAP.02 | B22: Capítulo | D22: ESTRUCTURA
A23: 02_01 | B23: Partida | C23: kg | D23: ACERO ACERO S275JR GALVANIZADO EN CALIENTE EN VIGUETAS HEA-120. | F23: 2728.71 | H23: =+ROUND(+F23*G23,2) -> 0 | J23: =+IF('Anexo I pag 1 oferta'!$H$30<>"si","",+IF(OR(SUM('Anexo I pag 1 oferta'!$G$34+'Anexo I pag 1 oferta'!$G$36)<=0,AND('Anexo I pag 1 oferta'!$G$34="",'Anexo I pag 1 oferta'!$G$36="")),"",IF(OR(('Anexo I pag 1 oferta'!$G$34/100)>'LOTE 1 Tabla Desglose Precio'!$J$6,('Anexo I pag 1 oferta'!$G$36/100)>'LOTE 2 Tabla Desglose Precio'!$J$6),"error % max.",IF(G23>=E23,+ROUND(((100-'Anexo I pag 1 oferta'!$G$34)/100)*'LOTE 1 Tabla Desglose Precio'!G23,2),ROUND(((100-'Anexo I pag 1 oferta'!$G$34)/100)*'LOTE 1 Tabla Desglose Precio'!E23,2))))) | K23: =IF('Anexo I pag 1 oferta'!$H$30<>"si","",+ROUND(+F23*J23,2))
A24: 02_02 | B24: Partida | C24: kg | D24: ACERO ACERO S275JR GALVANIZADO EN CALIENTE EN MÉNSULA IPE-160. | F24: 426.6 | H24: =+ROUND(+F24*G24,2) -> 0 | J24: =+IF('Anexo I pag 1 oferta'!$H$30<>"si","",+IF(OR(SUM('Anexo I pag 1 oferta'!$G$34+'Anexo I pag 1 oferta'!$G$36)<=0,AND('Anexo I pag 1 oferta'!$G$34="",'Anexo I pag 1 oferta'!$G$36="")),"",IF(OR(('Anexo I pag 1 oferta'!$G$34/100)>'LOTE 1 Tabla Desglose Precio'!$J$6,('Anexo I pag 1 oferta'!$G$36/100)>'LOTE 2 Tabla Desglose Precio'!$J$6),"error % max.",IF(G24>=E24,+ROUND(((100-'Anexo I pag 1 oferta'!$G$34)/100)*'LOTE 1 Tabla Desglose Precio'!G24,2),ROUND(((100-'Anexo I pag 1 oferta'!$G$34)/100)*'LOTE 1 Tabla Desglose Precio'!E24,2))))) | K24: =IF('Anexo I pag 1 oferta'!$H$30<>"si","",+ROUND(+F24*J24,2))
A25: 02_03 | B25: Partida | C25: Ud | D25: PLACA ANCLAJE ACERO S275JR GALVANIZADO EN CALIENTE 250x250x12MM | F25: 90 | H25: =+ROUND(+F25*G25,2) -> 0 | J25: =+IF('Anexo I pag 1 oferta'!$H$30<>"si","",+IF(OR(SUM('Anexo I pag 1 oferta'!$G$34+'Anexo I pag 1 oferta'!$G$36)<=0,AND('Anexo I pag 1 oferta'!$G$34="",'Anexo I pag 1 oferta'!$G$36="")),"",IF(OR(('Anexo I pag 1 oferta'!$G$34/100)>'LOTE 1 Tabla Desglose Precio'!$J$6,('Anexo I pag 1 oferta'!$G$36/100)>'LOTE 2 Tabla Desglose Precio'!$J$6),"error % max.",IF(G25>=E25,+ROUND(((100-'Anexo I pag 1 oferta'!$G$34)/100)*'LOTE 1 Tabla Desglose Precio'!G25,2),ROUND(((100-'Anexo I pag 1 oferta'!$G$34)/100)*'LOTE 1 Tabla Desglose Precio'!E25,2))))) | K25: =IF('Anexo I pag 1 oferta'!$H$30<>"si","",+ROUND(+F25*J25,2))
A26: 02_04 | B26: Partida | C26: Ud | D26: PLACA ANCLAJE ACERO S275JR GALVANIZADO CON 4 PERNOS SOLDADOS. | F26: 90 | H26: =+ROUND(+F26*G26,2) -> 0 | J26: =+IF('Anexo I pag 1 oferta'!$H$30<>"si","",+IF(OR(SUM('Anexo I pag 1 oferta'!$G$34+'Anexo I pag 1 oferta'!$G$36)<=0,AND('Anexo I pag 1 oferta'!$G$34="",'Anexo I pag 1 oferta'!$G$36="")),"",IF(OR(('Anexo I pag 1 oferta'!$G$34/100)>'LOTE 1 Tabla Desglose Precio'!$J$6,('Anexo I pag 1 oferta'!$G$36/100)>'LOTE 2 Tabla Desglose Precio'!$J$6),"error % max.",IF(G26>=E26,+ROUND(((100-'Anexo I pag 1 oferta'!$G$34)/100)*'LOTE 1 Tabla Desglose Precio'!G26,2),ROUND(((100-'Anexo I pag 1 oferta'!$G$34)/100)*'LOTE 1 Tabla Desglose Precio'!E26,2))))) | K26: =IF('Anexo I pag 1 oferta'!$H$30<>"si","",+ROUND(+F26*J26,2))
A27: 02_05 | B27: Partida | C27: Ud | D27: PLACA ANCLAJE ACERO S275JR GALVANIZADO CON 4 PERNOS ATORNILLADOS | F27: 180 | H27: =+ROUND(+F27*G27,2) -> 0 | J27: =+IF('Anexo I pag 1 oferta'!$H$30<>"si","",+IF(OR(SUM('Anexo I pag 1 oferta'!$G$34+'Anexo I pag 1 oferta'!$G$36)<=0,AND('Anexo I pag 1 oferta'!$G$34="",'Anexo I pag 1 oferta'!$G$36="")),"",IF(OR(('Anexo I pag 1 oferta'!$G$34/100)>'LOTE 1 Tabla Desglose Precio'!$J$6,('Anexo I pag 1 oferta'!$G$36/100)>'LOTE 2 Tabla Desglose Precio'!$J$6),"error % max.",IF(G27>=E27,+ROUND(((100-'Anexo I pag 1 oferta'!$G$34)/100)*'LOTE 1 Tabla Desglose Precio'!G27,2),ROUND(((100-'Anexo I pag 1 oferta'!$G$34)/100)*'LOTE 1 Tabla Desglose Precio'!E27,2))))) | K27: =IF('Anexo I pag 1 oferta'!$H$30<>"si","",+ROUND(+F27*J27,2))
D28: CAP.02 | H28: =SUM(H23:H27) -> 0 | K28: =SUM(K23:K27) -> 0
A29: CAP.03 | B29: Capítulo | D29: BARANDILLA
A30: 03_01 | B30: Partida | C30: m | D30: BARANDILLA DE FACHADA DE ACERO. | F30: 42 | H30: =+ROUND(+F30*G30,2) -> 0 | J30: =+IF('Anexo I pag 1 oferta'!$H$30<>"si","",+IF(OR(SUM('Anexo I pag 1 oferta'!$G$34+'Anexo I pag 1 oferta'!$G$36)<=0,AND('Anexo I pag 1 oferta'!$G$34="",'Anexo I pag 1 oferta'!$G$36="")),"",IF(OR(('Anexo I pag 1 oferta'!$G$34/100)>'LOTE 1 Tabla Desglose Precio'!$J$6,('Anexo I pag 1 oferta'!$G$36/100)>'LOTE 2 Tabla Desglose Precio'!$J$6),"error % max.",IF(G30>=E30,+ROUND(((100-'Anexo I pag 1 oferta'!$G$34)/100)*'LOTE 1 Tabla Desglose Precio'!G30,2),ROUND(((100-'Anexo I pag 1 oferta'!$G$34)/100)*'LOTE 1 Tabla Desglose Precio'!E30,2))))) | K30: =IF('Anexo I pag 1 oferta'!$H$30<>"si","",+ROUND(+F30*J30,2))
D31: CAP.03 | H31: =SUM(H30) -> 0 | K31: =SUM(K30) -> 0
A32: CAP.04 | B32: Capítulo | D32: PAVIMENTO
A33: 04_01 | B33: Partida | C33: m² | D33: PAVIMENTO DE REJILLA ELECTROSOLDADA 34x38-40.3. | F33: 111.264 | H33: =+ROUND(+F33*G33,2) -> 0 | J33: =+IF('Anexo I pag 1 oferta'!$H$30<>"si","",+IF(OR(SUM('Anexo I pag 1 oferta'!$G$34+'Anexo I pag 1 oferta'!$G$36)<=0,AND('Anexo I pag 1 oferta'!$G$34="",'Anexo I pag 1 oferta'!$G$36="")),"",IF(OR(('Anexo I pag 1 oferta'!$G$34/100)>'LOTE 1 Tabla Desglose Precio'!$J$6,('Anexo I pag 1 oferta'!$G$36/100)>'LOTE 2 Tabla Desglose Precio'!$J$6),"error % max.",IF(G33>=E33,+ROUND(((100-'Anexo I pag 1 oferta'!$G$34)/100)*'LOTE 1 Tabla Desglose Precio'!G33,2),ROUND(((100-'Anexo I pag 1 oferta'!$G$34)/100)*'LOTE 1 Tabla Desglose Precio'!E33,2))))) | K33: =IF('Anexo I pag 1 oferta'!$H$30<>"si","",+ROUND(+F33*J33,2))
A34: 04_02 | B34: Partida | C34: m | D34: RODAPIÉ METÁLICO CHAPA 2MM GALVANIZADA EN CALIENTE. | F34: 78 | H34: =+ROUND(+F34*G34,2) -> 0 | J34: =+IF('Anexo I pag 1 oferta'!$H$30<>"si","",+IF(OR(SUM('Anexo I pag 1 oferta'!$G$34+'Anexo I pag 1 oferta'!$G$36)<=0,AND('Anexo I pag 1 oferta'!$G$34="",'Anexo I pag 1 oferta'!$G$36="")),"",IF(OR(('Anexo I pag 1 oferta'!$G$34/100)>'LOTE 1 Tabla Desglose Precio'!$J$6,('Anexo I pag 1 oferta'!$G$36/100)>'LOTE 2 Tabla Desglose Precio'!$J$6),"error % max.",IF(G34>=E34,+ROUND(((100-'Anexo I pag 1 oferta'!$G$34)/100)*'LOTE 1 Tabla Desglose Precio'!G34,2),ROUND(((100-'Anexo I pag 1 oferta'!$G$34)/100)*'LOTE 1 Tabla Desglose Precio'!E34,2))))) | K34: =IF('Anexo I pag 1 oferta'!$H$30<>"si","",+ROUND(+F34*J34,2))
A35: 04_03 | B35: Partida | C35: m² | D35: PAVIMENTO DE REJILLA ELECTROSOLDADA CON PERFILES DE PROTECCIÓN | F35: 52.296 | H35: =+ROUND(+F35*G35,2) -> 0 | J35: =+IF('Anexo I pag 1 oferta'!$H$30<>"si","",+IF(OR(SUM('Anexo I pag 1 oferta'!$G$34+'Anexo I pag 1 oferta'!$G$36)<=0,AND('Anexo I pag 1 oferta'!$G$34="",'Anexo I pag 1 oferta'!$G$36="")),"",IF(OR(('Anexo I pag 1 oferta'!$G$34/100)>'LOTE 1 Tabla Desglose Precio'!$J$6,('Anexo I pag 1 oferta'!$G$36/100)>'LOTE 2 Tabla Desglose Precio'!$J$6),"error % max.",IF(G35>=E35,+ROUND(((100-'Anexo I pag 1 oferta'!$G$34)/100)*'LOTE 1 Tabla Desglose Precio'!G35,2),ROUND(((100-'Anexo I pag 1 oferta'!$G$34)/100)*'LOTE 1 Tabla Desglose Precio'!E35,2))))) | K35: =IF('Anexo I pag 1 oferta'!$H$30<>"si","",+ROUND(+F35*J35,2))
A36: 04_04 | B36: Partida | C36: m | D36: RODAPIÉ METÁLICO CHAPA 2MM LACADO AL HORNO | F36: 80.4 | H36: =+ROUND(+F36*G36,2) -> 0 | J36: =+IF('Anexo I pag 1 oferta'!$H$30<>"si","",+IF(OR(SUM('Anexo I pag 1 oferta'!$G$34+'Anexo I pag 1 oferta'!$G$36)<=0,AND('Anexo I pag 1 oferta'!$G$34="",'Anexo I pag 1 oferta'!$G$36="")),"",IF(OR(('Anexo I pag 1 oferta'!$G$34/100)>'LOTE 1 Tabla Desglose Precio'!$J$6,('Anexo I pag 1 oferta'!$G$36/100)>'LOTE 2 Tabla Desglose Precio'!$J$6),"error % max.",IF(G36>=E36,+ROUND(((100-'Anexo I pag 1 oferta'!$G$34)/100)*'LOTE 1 Tabla Desglose Precio'!G36,2),ROUND(((100-'Anexo I pag 1 oferta'!$G$34)/100)*'LOTE 1 Tabla Desglose Precio'!E36,2))))) | K36: =IF('Anexo I pag 1 oferta'!$H$30<>"si","",+ROUND(+F36*J36,2))
D37: CAP.04 | H37: =SUM(H33:H36) -> 0 | K37: =SUM(K33:K36) -> 0
A38: CAP.05 | B38: Capítulo | D38: ACABADOS VARIOS
A39: 05_01 | B39: Partida | C39: m² | D39: PREPARACIÓN DE SUPERFICIE METÁLICA, PARA REPINTAR. | F39: 57.76 | H39: =+ROUND(+F39*G39,2) -> 0 | J39: =+IF('Anexo I pag 1 oferta'!$H$30<>"si","",+IF(OR(SUM('Anexo I pag 1 oferta'!$G$34+'Anexo I pag 1 oferta'!$G$36)<=0,AND('Anexo I pag 1 oferta'!$G$34="",'Anexo I pag 1 oferta'!$G$36="")),"",IF(OR(('Anexo I pag 1 oferta'!$G$34/100)>'LOTE 1 Tabla Desglose Precio'!$J$6,('Anexo I pag 1 oferta'!$G$36/100)>'LOTE 2 Tabla Desglose Precio'!$J$6),"error % max.",IF(G39>=E39,+ROUND(((100-'Anexo I pag 1 oferta'!$G$34)/100)*'LOTE 1 Tabla Desglose Precio'!G39,2),ROUND(((100-'Anexo I pag 1 oferta'!$G$34)/100)*'LOTE 1 Tabla Desglose Precio'!E39,2))))) | K39: =IF('Anexo I pag 1 oferta'!$H$30<>"si","",+ROUND(+F39*J39,2))
A40: 05_02 | B40: Partida | C40: m² | D40: ESMALTE EPOXI 2 COMPONENTES SOBRE ESTRUCTURA DE ACERO | F40: 150.16 | H40: =+ROUND(+F40*G40,2) -> 0 | J40: =+IF('Anexo I pag 1 oferta'!$H$30<>"si","",+IF(OR(SUM('Anexo I pag 1 oferta'!$G$34+'Anexo I pag 1 oferta'!$G$36)<=0,AND('Anexo I pag 1 oferta'!$G$34="",'Anexo I pag 1 oferta'!$G$36="")),"",IF(OR(('Anexo I pag 1 oferta'!$G$34/100)>'LOTE 1 Tabla Desglose Precio'!$J$6,('Anexo I pag 1 oferta'!$G$36/100)>'LOTE 2 Tabla Desglose Precio'!$J$6),"error % max.",IF(G40>=E40,+ROUND(((100-'Anexo I pag 1 oferta'!$G$34)/100)*'LOTE 1 Tabla Desglose Precio'!G40,2),ROUND(((100-'Anexo I pag 1 oferta'!$G$34)/100)*'LOTE 1 Tabla Desglose Precio'!E40,2))))) | K40: =IF('Anexo I pag 1 oferta'!$H$30<>"si","",+ROUND(+F40*J40,2))
A41: 05_03 | B41: Partida | C41: m² | D41: REPOSICIÓN PIEZA PANEL SÁNDWICH DE FACHADA PROCEDENTE DE RECUPER | F41: 90 | H41: =+ROUND(+F41*G41,2) -> 0 | J41: =+IF('Anexo I pag 1 oferta'!$H$30<>"si","",+IF(OR(SUM('Anexo I pag 1 oferta'!$G$34+'Anexo I pag 1 oferta'!$G$36)<=0,AND('Anexo I pag 1 oferta'!$G$34="",'Anexo I pag 1 oferta'!$G$36="")),"",IF(OR(('Anexo I pag 1 oferta'!$G$34/100)>'LOTE 1 Tabla Desglose Precio'!$J$6,('Anexo I pag 1 oferta'!$G$36/100)>'LOTE 2 Tabla Desglose Precio'!$J$6),"error % max.",IF(G41>=E41,+ROUND(((100-'Anexo I pag 1 oferta'!$G$34)/100)*'LOTE 1 Tabla Desglose Precio'!G41,2),ROUND(((100-'Anexo I pag 1 oferta'!$G$34)/100)*'LOTE 1 Tabla Desglose Precio'!E41,2))))) | K41: =IF('Anexo I pag 1 oferta'!$H$30<>"si","",+ROUND(+F41*J41,2))
A42: 05_04 | B42: Partida | C42: m² | D42: LÁMINA SEGURIDAD TRANSPARENTE SOBRE ACRISTALAMIENTO FACHADA 175µ | F42: 75.3 | H42: =+ROUND(+F42*G42,2) -> 0 | J42: =+IF('Anexo I pag 1 oferta'!$H$30<>"si","",+IF(OR(SUM('Anexo I pag 1 oferta'!$G$34+'Anexo I pag 1 oferta'!$G$36)<=0,AND('Anexo I pag 1 oferta'!$G$34="",'Anexo I pag 1 oferta'!$G$36="")),"",IF(OR(('Anexo I pag 1 oferta'!$G$34/100)>'LOTE 1 Tabla Desglose Precio'!$J$6,('Anexo I pag 1 oferta'!$G$36/100)>'LOTE 2 Tabla Desglose Precio'!$J$6),"error % max.",IF(G42>=E42,+ROUND(((100-'Anexo I pag 1 oferta'!$G$34)/100)*'LOTE 1 Tabla Desglose Precio'!G42,2),ROUND(((100-'Anexo I pag 1 oferta'!$G$34)/100)*'LOTE 1 Tabla Desglose Precio'!E42,2))))) | K42: =IF('Anexo I pag 1 oferta'!$H$30<>"si","",+ROUND(+F42*J42,2))
D43: CAP.05 | H43: =SUM(H39:H42) -> 0 | K43: =SUM(K39:K42) -> 0
D44: SUMA CAP.01 A 05 | H44: =+H21+H28+H31+H37+H43 -> 0 | K44: =+K21+K28+K31+K37+K43 -> 0
A45: .
A46: CAP.06 | B46: Capítulo | D46: GESTIÓN DE RESIDUOS GRC´s ( # ) | E46: % | G46: (#) | H46: (#)
A47: 06_01 | B47: Partida | C47: Ud | D47: TRANSPORTE DE RESIDUOS INERTES CON CONTENEDOR. | E47: 0.0054 | F47: 4 | G47: =+ROUND(($H$44*E47)/F47,2) -> 0 | H47: =+ROUND(+F47*G47,2) -> 0 | J47: =+IF('Anexo I pag 1 oferta'!$H$30<>"si","",+IF(OR(SUM('Anexo I pag 1 oferta'!$G$34+'Anexo I pag 1 oferta'!$G$36)<=0,AND('Anexo I pag 1 oferta'!$G$34="",'Anexo I pag 1 oferta'!$G$36="")),"",IF(OR(('Anexo I pag 1 oferta'!$G$34/100)>'LOTE 1 Tabla Desglose Precio'!$J$6,('Anexo I pag 1 oferta'!$G$36/100)>'LOTE 2 Tabla Desglose Precio'!$J$6),"error % max.",IF(G47>=E47,+ROUND(((100-'Anexo I pag 1 oferta'!$G$34)/100)*'LOTE 1 Tabla Desglose Precio'!G47,2),ROUND(((100-'Anexo I pag 1 oferta'!$G$34)/100)*'LOTE 1 Tabla Desglose Precio'!E47,2))))) | K47: =IF('Anexo I pag 1 oferta'!$H$30<>"si","",+ROUND(+F47*J47,2))
A48: 06_02 | B48: Partida | C48: Ud | D48: CANON DE VERTIDO POR ENTREGA DE CONTENEDOR CON RESIDUOS INERTES | E48: 0.0039 | F48: 4 | G48: =+ROUND(($H$44*E48)/F48,2) -> 0 | H48: =+ROUND(+F48*G48,2) -> 0 | J48: =+IF('Anexo I pag 1 oferta'!$H$30<>"si","",+IF(OR(SUM('Anexo I pag 1 oferta'!$G$34+'Anexo I pag 1 oferta'!$G$36)<=0,AND('Anexo I pag 1 oferta'!$G$34="",'Anexo I pag 1 oferta'!$G$36="")),"",IF(OR(('Anexo I pag 1 oferta'!$G$34/100)>'LOTE 1 Tabla Desglose Precio'!$J$6,('Anexo I pag 1 oferta'!$G$36/100)>'LOTE 2 Tabla Desglose Precio'!$J$6),"error % max.",IF(G48>=E48,+ROUND(((100-'Anexo I pag 1 oferta'!$G$34)/100)*'LOTE 1 Tabla Desglose Precio'!G48,2),ROUND(((100-'Anexo I pag 1 oferta'!$G$34)/100)*'LOTE 1 Tabla Desglose Precio'!E48,2))))) | K48: =IF('Anexo I pag 1 oferta'!$H$30<>"si","",+ROUND(+F48*J48,2))
D49: CAP.06 | H49: =SUM(H47:H48) -> 0 | K49: =SUM(K47:K48) -> 0
A50: CAP.07 | B50: Capítulo | D50: CONTROL DE CALIDAD ( # ) | E50: % | G50: (#) | H50: (#)
A51: 07_01 | B51: Partida | C51: Ud | D51: ENSAYO NO DESTRUCTIVO DE SOLDADURAS EN ESTRUCTURAS METÁLICAS. | E51: 0.0019 | F51: 3 | G51: =+ROUND(($H$44*E51)/F51,2) -> 0 | H51: =+ROUND(+F51*G51,2) -> 0 | J51: =+IF('Anexo I pag 1 oferta'!$H$30<>"si","",+IF(OR(SUM('Anexo I pag 1 oferta'!$G$34+'Anexo I pag 1 oferta'!$G$36)<=0,AND('Anexo I pag 1 oferta'!$G$34="",'Anexo I pag 1 oferta'!$G$36="")),"",IF(OR(('Anexo I pag 1 oferta'!$G$34/100)>'LOTE 1 Tabla Desglose Precio'!$J$6,('Anexo I pag 1 oferta'!$G$36/100)>'LOTE 2 Tabla Desglose Precio'!$J$6),"error % max.",IF(G51>=E51,+ROUND(((100-'Anexo I pag 1 oferta'!$G$34)/100)*'LOTE 1 Tabla Desglose Precio'!G51,2),ROUND(((100-'Anexo I pag 1 oferta'!$G$34)/100)*'LOTE 1 Tabla Desglose Precio'!E51,2))))) | K51: =IF('Anexo I pag 1 oferta'!$H$30<>"si","",+ROUND(+F51*J51,2))
A52: 07_02 | B52: Partida | C52: Ud | D52: PRUEBA ESTÁTICA DE BARANDILLA. | E52: 0.0057 | F52: 2 | G52: =+ROUND(($H$44*E52)/F52,2) -> 0 | H52: =+ROUND(+F52*G52,2) -> 0 | J52: =+IF('Anexo I pag 1 oferta'!$H$30<>"si","",+IF(OR(SUM('Anexo I pag 1 oferta'!$G$34+'Anexo I pag 1 oferta'!$G$36)<=0,AND('Anexo I pag 1 oferta'!$G$34="",'Anexo I pag 1 oferta'!$G$36="")),"",IF(OR(('Anexo I pag 1 oferta'!$G$34/100)>'LOTE 1 Tabla Desglose Precio'!$J$6,('Anexo I pag 1 oferta'!$G$36/100)>'LOTE 2 Tabla Desglose Precio'!$J$6),"error % max.",IF(G52>=E52,+ROUND(((100-'Anexo I pag 1 oferta'!$G$34)/100)*'LOTE 1 Tabla Desglose Precio'!G52,2),ROUND(((100-'Anexo I pag 1 oferta'!$G$34)/100)*'LOTE 1 Tabla Desglose Precio'!E52,2))))) | K52: =IF('Anexo I pag 1 oferta'!$H$30<>"si","",+ROUND(+F52*J52,2))
A53: 07_03 | B53: Partida | C53: Ud | D53: ENSAYO ESTÁTICO DE PUESTA EN CARGA DE PASARELA CON MEDICIÓN DE F | E53: 0.0066 | F53: 1 | G53: =+ROUND(($H$44*E53)/F53,2) -> 0 | H53: =+ROUND(+F53*G53,2) -> 0 | J53: =+IF('Anexo I pag 1 oferta'!$H$30<>"si","",+IF(OR(SUM('Anexo I pag 1 oferta'!$G$34+'Anexo I pag 1 oferta'!$G$36)<=0,AND('Anexo I pag 1 oferta'!$G$34="",'Anexo I pag 1 oferta'!$G$36="")),"",IF(OR(('Anexo I pag 1 oferta'!$G$34/100)>'LOTE 1 Tabla Desglose Precio'!$J$6,('Anexo I pag 1 oferta'!$G$36/100)>'LOTE 2 Tabla Desglose Precio'!$J$6),"error % max.",IF(G53>=E53,+ROUND(((100-'Anexo I pag 1 oferta'!$G$34)/100)*'LOTE 1 Tabla Desglose Precio'!G53,2),ROUND(((100-'Anexo I pag 1 oferta'!$G$34)/100)*'LOTE 1 Tabla Desglose Precio'!E53,2))))) | K53: =IF('Anexo I pag 1 oferta'!$H$30<>"si","",+ROUND(+F53*J53,2))
A54: 07_04 | B54: Partida | C54: Ud | D54: ENSAYO ESTÁTICO DE PUESTA EN CARGA DE PASARELA SIN MEDICIÓN DE F | E54: 0.0031 | F54: 1 | G54: =+ROUND(($H$44*E54)/F54,2) -> 0 | H54: =+ROUND(+F54*G54,2) -> 0 | J54: =+IF('Anexo I pag 1 oferta'!$H$30<>"si","",+IF(OR(SUM('Anexo I pag 1 oferta'!$G$34+'Anexo I pag 1 oferta'!$G$36)<=0,AND('Anexo I pag 1 oferta'!$G$34="",'Anexo I pag 1 oferta'!$G$36="")),"",IF(OR(('Anexo I pag 1 oferta'!$G$34/100)>'LOTE 1 Tabla Desglose Precio'!$J$6,('Anexo I pag 1 oferta'!$G$36/100)>'LOTE 2 Tabla Desglose Precio'!$J$6),"error % max.",IF(G54>=E54,+ROUND(((100-'Anexo I pag 1 oferta'!$G$34)/100)*'LOTE 1 Tabla Desglose Precio'!G54,2),ROUND(((100-'Anexo I pag 1 oferta'!$G$34)/100)*'LOTE 1 Tabla Desglose Precio'!E54,2))))) | K54: =IF('Anexo I pag 1 oferta'!$H$30<>"si","",+ROUND(+F54*J54,2))
A55: 07_05 | B55: Partida | C55: Ud | D55: ENSAYO ESTÁTICO DE PUESTA EN CARGA DE FORJADO CON MEDICIÓN DE FL | E55: 0.0389 | F55: 2 | G55: =+ROUND(($H$44*E55)/F55,2) -> 0 | H55: =+ROUND(+F55*G55,2) -> 0 | J55: =+IF('Anexo I pag 1 oferta'!$H$30<>"si","",+IF(OR(SUM('Anexo I pag 1 oferta'!$G$34+'Anexo I pag 1 oferta'!$G$36)<=0,AND('Anexo I pag 1 oferta'!$G$34="",'Anexo I pag 1 oferta'!$G$36="")),"",IF(OR(('Anexo I pag 1 oferta'!$G$34/100)>'LOTE 1 Tabla Desglose Precio'!$J$6,('Anexo I pag 1 oferta'!$G$36/100)>'LOTE 2 Tabla Desglose Precio'!$J$6),"error % max.",IF(G55>=E55,+ROUND(((100-'Anexo I pag 1 oferta'!$G$34)/100)*'LOTE 1 Tabla Desglose Precio'!G55,2),ROUND(((100-'Anexo I pag 1 oferta'!$G$34)/100)*'LOTE 1 Tabla Desglose Precio'!E55,2))))) | K55: =IF('Anexo I pag 1 oferta'!$H$30<>"si","",+ROUND(+F55*J55,2))
D56: CAP.07 | H56: =SUM(H51:H55) -> 0 | K56: =SUM(K51:K55) -> 0
A57: CAP.08 | B57: Capítulo | D57: SEGURIDAD Y SALUD ( # ) | E57: % | G57: (#) | H57: (#)
A58: 08_01 | B58: Partida | C58: PA | D58: IMPLANTACIÓN MEDIDAS DE SEGURIDAD Y SALUD | E58: 0.0266 | F58: 1 | G58: =+ROUND(($H$44*E58)/F58,2) -> 0 | H58: =+ROUND(+F58*G58,2) -> 0 | J58: =+IF('Anexo I pag 1 oferta'!$H$30<>"si","",+IF(OR(SUM('Anexo I pag 1 oferta'!$G$34+'Anexo I pag 1 oferta'!$G$36)<=0,AND('Anexo I pag 1 oferta'!$G$34="",'Anexo I pag 1 oferta'!$G$36="")),"",IF(OR(('Anexo I pag 1 oferta'!$G$34/100)>'LOTE 1 Tabla Desglose Precio'!$J$6,('Anexo I pag 1 oferta'!$G$36/100)>'LOTE 2 Tabla Desglose Precio'!$J$6),"error % max.",IF(G58>=E58,+ROUND(((100-'Anexo I pag 1 oferta'!$G$34)/100)*'LOTE 1 Tabla Desglose Precio'!G58,2),ROUND(((100-'Anexo I pag 1 oferta'!$G$34)/100)*'LOTE 1 Tabla Desglose Precio'!E58,2))))) | K58: =IF('Anexo I pag 1 oferta'!$H$30<>"si","",+ROUND(+F58*J58,2))
D59: CAP.08 | H59: =SUM(H58) -> 0 | K59: =SUM(K58) -> 0
D60: PRESUPUESTO EJECUCION MATERIAL LOTE 1 TORRESPAÑA | H60: =+H59+H56+H49+H43+H37+H31+H28+H21 -> 0 | K60: =+K59+K56+K49+K43+K37+K31+K28+K21 -> 0
D61: Gastos Generales xx % (**) | F61: =+IF(AND($H$60>0,LEN(H61)<=0,LEN(G61)<=0),"13 %",IF(AND($H$60>0,H61>0,LEN(G61)<=0),+(H61/$H$60),"")) | K61: =+IF(AND($K$60>0,H61>0),+($H$61/$H$60)*$K$60,"")
D62: Beneficio Industrial xx % (**) | F62: =+IF(AND($H$60>0,LEN(H62)<=0,LEN(G62)<=0)," 6 %",IF(AND($H$60>0,H62>0,LEN(G62)<=0),+(H62/$H$60),"")) | K62: =+IF(AND($K$60>0,$H$62>0),+($H$62/$H$60)*$K$60,"")
D63: PRESUPUESTO EJECUCION CONTRATA/IMPORTE OFERTA LOTE 1 | H63: =SUM(H60:H62) -> 0 | K63: =SUM(K60:K62) -> 0
A65: (*) Si alguna partida de esta columna tiene valor cero, se considerará ofertada a coste cero para CRTVE
A66: (**) Cuando no se indiquen otros porcentajes se entenderá que, quedan incluidos en el precio de la oferta el 13% de Gastos Generales y el 6% de Beneficio Industrial
A67: ( # ) El precio de partidas Gestión Residuos (GR), control de calidad (CC) y Seguridad y Salud (SS) se obtiene según % fijo e invariable de cada partida sobre importe de “suma cap.01 a 05” y deberá incluirse en oferta.
B70: Fdo:
A75: Esta tabla se indica como formato válido para la presentación de las ofertas, el único contenido técnico vinculante es el definido en el Pliego de Condiciones Técnicas, el licitador debe verificar que los capítulos y contenidos de la oferta presentada con este formato correspondan exactamente con las mediciones del Proyecto. Las propuestas deberán presentarse exclusivamente con desglose de capítulos, partidas, subtotales y totales indicado y sin desglose descriptivo de cada partida.
A76: La oferta deberá presentarse firmada en documento PDF. En caso de presentar oferta individual a los dos lotes será obligatoria la presentación de un modelo "Anexo I pag.1 oferta" (con desglose de Precio del lote correspondiente) para cada uno de los lotes.
A77: NOTA: En ofertas conjuntas el % de descuento se aplica INDIVIDUALMENTE SOBRE EL PRECIO UNITARIO DE CADA PARTIDA, los cálculos de totalización de oferta conjunta se realizan EXCLUSIVAMENTE sobre los importes de columna "ImpPres" sombreados en azul

Sheet LOTE 2  Tabla Desglose Precio
A1: NOTA IMPORTANTE: Este fichero de mediciones en Excel (ÚNICO FORMATO DISPONIBLE) se facilita como ayuda para la preparación de la oferta económica. Debe considerarse que, en todo caso, el ÚNICO CONTENIDO TÉCNICO VINCULANTE ES EL DEFINIDO EN EL PLIEGO DE CONDICIONES TÉCNICAS y el licitador debe verificar que los capítulos y contenidos de la oferta presentada correspondan exactamente con las mediciones del Proyecto.
A2: NOTA IMPORTANTE: Este fichero de mediciones en Excel (ÚNICO FORMATO DISPONIBLE) se facilita como ayuda para la preparación de la oferta económica. Debe considerarse que, en todo caso, el ÚNICO CONTENIDO TÉCNICO VINCULANTE ES EL DEFINIDO EN EL PLIEGO DE CONDICIONES TÉCNICAS y el licitador debe verificar que los capítulos y contenidos de la oferta presentada correspondan exactamente con las mediciones del Proyecto.
A3: ESTA TABLA DESGLOSE PRECIO DE OFERTA SE PRESENTARA EN FORMATO PDF en Sobre C del LOTE 2 | J3: descto max. No se ve por licitador (actualmente modificable)
A5: S-06500-2023 - Adecuación pasarelas de mantenimiento PRADO DEL REY y TORRESPAÑA | J5: DESCUENTO MÁXIMO LOTE 2
A6: Lote 2: ADECUACION PASARELAS PRADO DEL REY | J6: 1
J8: OFERTA CONJUNTA LOTE 2
A9: Código | B9: Nat | C9: Ud | D9: Resumen | F9: CanPres | G9: PrPres | H9: ImpPres (*) | J9: PrPres | K9: ImpPres (*)
A10: Proyecto: MEJORAS EN PASARELAS DE MANTENIMIENTO EDIFICIO "NUEVOS ESTUDIOS"
A11: CAP.01 | B11: Capítulo | D11: PASARELAS PLANTAS 1ª Y 2ª
A12: A.01.01 | B12: Partida | C12: m | D12: DESMONTAJE MARCO REJILLA ELECTROSOLDADA ÁNGULO L 50.5 ACERO GALV | F12: 5.6 | H12: =+ROUND(+F12*G12,2) -> 0 | J12: =+IF('Anexo I pag 1 oferta'!$H$30<>"si","",+IF(OR(SUM('Anexo I pag 1 oferta'!$G$34+'Anexo I pag 1 oferta'!$G$36)<=0,AND('Anexo I pag 1 oferta'!$G$34="",'Anexo I pag 1 oferta'!$G$36="")),"",IF(OR(('Anexo I pag 1 oferta'!$G$34/100)>'LOTE 1 Tabla Desglose Precio'!$J$6,('Anexo I pag 1 oferta'!$G$36/100)>'LOTE 2 Tabla Desglose Precio'!$J$6),"error % max.",IF(G12>=E12,+ROUND(((100-'Anexo I pag 1 oferta'!$G$36)/100)*'LOTE 2 Tabla Desglose Precio'!G12,2),ROUND(((100-'Anexo I pag 1 oferta'!$G$36)/100)*'LOTE 2 Tabla Desglose Precio'!E12,2))))) | K12: =IF('Anexo I pag 1 oferta'!$H$30<>"si","",+ROUND(+F12*J12,2))
A13: A.01.02 | B13: Partida | C13: m | D13: REFUERZO APOYO ÁNGULO L 60.5 ACERO GALVANIZADO EN CALIENTE | F13: 6.4 | H13: =+ROUND(+F13*G13,2) -> 0 | J13: =+IF('Anexo I pag 1 oferta'!$H$30<>"si","",+IF(OR(SUM('Anexo I pag 1 oferta'!$G$34+'Anexo I pag 1 oferta'!$G$36)<=0,AND('Anexo I pag 1 oferta'!$G$34="",'Anexo I pag 1 oferta'!$G$36="")),"",IF(OR(('Anexo I pag 1 oferta'!$G$34/100)>'LOTE 1 Tabla Desglose Precio'!$J$6,('Anexo I pag 1 oferta'!$G$36/100)>'LOTE 2 Tabla Desglose Precio'!$J$6),"error % max.",IF(G13>=E13,+ROUND(((100-'Anexo I pag 1 oferta'!$G$36)/100)*'LOTE 2 Tabla Desglose Precio'!G13,2),ROUND(((100-'Anexo I pag 1 oferta'!$G$36)/100)*'LOTE 2 Tabla Desglose Precio'!E13,2))))) | K13: =IF('Anexo I pag 1 oferta'!$H$30<>"si","",+ROUND(+F13*J13,2))
A14: A.01.03 | B14: Partida | C14: m | D14: MARCO REJILLA ELECTROSOLDADA ÁNGULO L 50.5 ACERO GALVANIZADO EN | F14: 5.6 | H14: =+ROUND(+F14*G14,2) -> 0 | J14: =+IF('Anexo I pag 1 oferta'!$H$30<>"si","",+IF(OR(SUM('Anexo I pag 1 oferta'!$G$34+'Anexo I pag 1 oferta'!$G$36)<=0,AND('Anexo I pag 1 oferta'!$G$34="",'Anexo I pag 1 oferta'!$G$36="")),"",IF(OR(('Anexo I pag 1 oferta'!$G$34/100)>'LOTE 1 Tabla Desglose Precio'!$J$6,('Anexo I pag 1 oferta'!$G$36/100)>'LOTE 2 Tabla Desglose Precio'!$J$6),"error % max.",IF(G14>=E14,+ROUND(((100-'Anexo I pag 1 oferta'!$G$36)/100)*'LOTE 2 Tabla Desglose Precio'!G14,2),ROUND(((100-'Anexo I pag 1 oferta'!$G$36)/100)*'LOTE 2 Tabla Desglose Precio'!E14,2))))) | K14: =IF('Anexo I pag 1 oferta'!$H$30<>"si","",+ROUND(+F14*J14,2))
A15: A.01.04 | B15: Partida | C15: m² | D15: PAV.CHAPA PLEGADA AC.GALV.E=2MM PERF.ABOCARDADAS D=10MM C/FORMAC | F15: 205.725 | H15: =+ROUND(+F15*G15,2) -> 0 | J15: =+IF('Anexo I pag 1 oferta'!$H$30<>"si","",+IF(OR(SUM('Anexo I pag 1 oferta'!$G$34+'Anexo I pag 1 oferta'!$G$36)<=0,AND('Anexo I pag 1 oferta'!$G$34="",'Anexo I pag 1 oferta'!$G$36="")),"",IF(OR(('Anexo I pag 1 oferta'!$G$34/100)>'LOTE 1 Tabla Desglose Precio'!$J$6,('Anexo I pag 1 oferta'!$G$36/100)>'LOTE 2 Tabla Desglose Precio'!$J$6),"error % max.",IF(G15>=E15,+ROUND(((100-'Anexo I pag 1 oferta'!$G$36)/100)*'LOTE 2 Tabla Desglose Precio'!G15,2),ROUND(((100-'Anexo I pag 1 oferta'!$G$36)/100)*'LOTE 2 Tabla Desglose Precio'!E15,2))))) | K15: =IF('Anexo I pag 1 oferta'!$H$30<>"si","",+ROUND(+F15*J15,2))
A16: A.01.05 | B16: Partida | C16: Ud | D16: LÍNEA ANCLAJE HORIZ.PERMANENTE HASTA L=7M CABLE ACERO C/AMORTIGU | F16: 4 | H16: =+ROUND(+F16*G16,2) -> 0 | J16: =+IF('Anexo I pag 1 oferta'!$H$30<>"si","",+IF(OR(SUM('Anexo I pag 1 oferta'!$G$34+'Anexo I pag 1 oferta'!$G$36)<=0,AND('Anexo I pag 1 oferta'!$G$34="",'Anexo I pag 1 oferta'!$G$36="")),"",IF(OR(('Anexo I pag 1 oferta'!$G$34/100)>'LOTE 1 Tabla Desglose Precio'!$J$6,('Anexo I pag 1 oferta'!$G$36/100)>'LOTE 2 Tabla Desglose Precio'!$J$6),"error % max.",IF(G16>=E16,+ROUND(((100-'Anexo I pag 1 oferta'!$G$36)/100)*'LOTE 2 Tabla Desglose Precio'!G16,2),ROUND(((100-'Anexo I pag 1 oferta'!$G$36)/100)*'LOTE 2 Tabla Desglose Precio'!E16,2))))) | K16: =IF('Anexo I pag 1 oferta'!$H$30<>"si","",+ROUND(+F16*J16,2))
A17: A.01.06 | B17: Partida | C17: Ud | D17: LÍNEA ANCLAJE HORIZ.PERMANENTE HASTA L=20M CABLE ACERO C/AMORTIG | F17: 2 | H17: =+ROUND(+F17*G17,2) -> 0 | J17: =+IF('Anexo I pag 1 oferta'!$H$30<>"si","",+IF(OR(SUM('Anexo I pag 1 oferta'!$G$34+'Anexo I pag 1 oferta'!$G$36)<=0,AND('Anexo I pag 1 oferta'!$G$34="",'Anexo I pag 1 oferta'!$G$36="")),"",IF(OR(('Anexo I pag 1 oferta'!$G$34/100)>'LOTE 1 Tabla Desglose Precio'!$J$6,('Anexo I pag 1 oferta'!$G$36/100)>'LOTE 2 Tabla Desglose Precio'!$J$6),"error % max.",IF(G17>=E17,+ROUND(((100-'Anexo I pag 1 oferta'!$G$36)/100)*'LOTE 2 Tabla Desglose Precio'!G17,2),ROUND(((100-'Anexo I pag 1 oferta'!$G$36)/100)*'LOTE 2 Tabla Desglose Precio'!E17,2))))) | K17: =IF('Anexo I pag 1 oferta'!$H$30<>"si","",+ROUND(+F17*J17,2))
A18: A.01.07 | B18: Partida | C18: Ud | D18: LÍNEA ANCLAJE HORIZ.PERMANENTE HASTA L=40M CABLE ACERO C/AMORTIG | F18: 3 | H18: =+ROUND(+F18*G18,2) -> 0 | J18: =+IF('Anexo I pag 1 oferta'!$H$30<>"si","",+IF(OR(SUM('Anexo I pag 1 oferta'!$G$34+'Anexo I pag 1 oferta'!$G$36)<=0,AND('Anexo I pag 1 oferta'!$G$34="",'Anexo I pag 1 oferta'!$G$36="")),"",IF(OR(('Anexo I pag 1 oferta'!$G$34/100)>'LOTE 1 Tabla Desglose Precio'!$J$6,('Anexo I pag 1 oferta'!$G$36/100)>'LOTE 2 Tabla Desglose Precio'!$J$6),"error % max.",IF(G18>=E18,+ROUND(((100-'Anexo I pag 1 oferta'!$G$36)/100)*'LOTE 2 Tabla Desglose Precio'!G18,2),ROUND(((100-'Anexo I pag 1 oferta'!$G$36)/100)*'LOTE 2 Tabla Desglose Precio'!E18,2))))) | K18: =IF('Anexo I pag 1 oferta'!$H$30<>"si","",+ROUND(+F18*J18,2))
A19: A.01.08 | B19: Partida | C19: Ud | D19: LÍNEA ANCLAJE HORIZ.PERMANENTE HASTA L=50M CABLE ACERO C/AMORTIG | F19: 2 | H19: =+ROUND(+F19*G19,2) -> 0 | J19: =+IF('Anexo I pag 1 oferta'!$H$30<>"si","",+IF(OR(SUM('Anexo I pag 1 oferta'!$G$34+'Anexo I pag 1 oferta'!$G$36)<=0,AND('Anexo I pag 1 oferta'!$G$34="",'Anexo I pag 1 oferta'!$G$36="")),"",IF(OR(('Anexo I pag 1 oferta'!$G$34/100)>'LOTE 1 Tabla Desglose Precio'!$J$6,('Anexo I pag 1 oferta'!$G$36/100)>'LOTE 2 Tabla Desglose Precio'!$J$6),"error % max.",IF(G19>=E19,+ROUND(((100-'Anexo I pag 1 oferta'!$G$36)/100)*'LOTE 2 Tabla Desglose Precio'!G19,2),ROUND(((100-'Anexo I pag 1 oferta'!$G$36)/100)*'LOTE 2 Tabla Desglose Precio'!E19,2))))) | K19: =IF('Anexo I pag 1 oferta'!$H$30<>"si","",+ROUND(+F19*J19,2))
D20: CAP.01 | H20: =SUM(H12:H19) -> 0 | K20: =SUM(K12:K19) -> 0
A21: CAP.02 | B21: Capítulo | D21: VARIOS
A22: A.02.01 | B22: Partida | C22: Ud | D22: CARTEL ESPECÍFICO INDICATIVO DEL PROTOCOLO DE USO | F22: 3 | H22: =+ROUND(+F22*G22,2) -> 0 | J22: =+IF('Anexo I pag 1 oferta'!$H$30<>"si","",+IF(OR(SUM('Anexo I pag 1 oferta'!$G$34+'Anexo I pag 1 oferta'!$G$36)<=0,AND('Anexo I pag 1 oferta'!$G$34="",'Anexo I pag 1 oferta'!$G$36="")),"",IF(OR(('Anexo I pag 1 oferta'!$G$34/100)>'LOTE 1 Tabla Desglose Precio'!$J$6,('Anexo I pag 1 oferta'!$G$36/100)>'LOTE 2 Tabla Desglose Precio'!$J$6),"error % max.",IF(G22>=E22,+ROUND(((100-'Anexo I pag 1 oferta'!$G$36)/100)*'LOTE 2 Tabla Desglose Precio'!G22,2),ROUND(((100-'Anexo I pag 1 oferta'!$G$36)/100)*'LOTE 2 Tabla Desglose Precio'!E22,2))))) | K22: =IF('Anexo I pag 1 oferta'!$H$30<>"si","",+ROUND(+F22*J22,2))
D23: CAP.02 | H23: =SUM(H22) -> 0 | K23: =SUM(K22) -> 0
D24: SUMA CAP.01 A 02 (NNEE) | H24: =+H23+H20 -> 0 | K24: =+K23+K20 -> 0
A25: .
A26: CAP.03 | B26: Capítulo | D26: GESTIÓN DE RESIDUOS GRC¨s ( # ) | E26: % | G26: (#) | H26: (#)
A27: A.03.01 | B27: Partida | C27: Ud | D27: TRANSPORTE DE RESIDUOS INERTES CON CONTENEDOR. | E27: 0.0045 | F27: 1 | G27: =+ROUND(($H$24*E27)/F27,2) -> 0 | H27: =+ROUND(+F27*G27,2) -> 0 | J27: =+IF('Anexo I pag 1 oferta'!$H$30<>"si","",+IF(OR(SUM('Anexo I pag 1 oferta'!$G$34+'Anexo I pag 1 oferta'!$G$36)<=0,AND('Anexo I pag 1 oferta'!$G$34="",'Anexo I pag 1 oferta'!$G$36="")),"",IF(OR(('Anexo I pag 1 oferta'!$G$34/100)>'LOTE 1 Tabla Desglose Precio'!$J$6,('Anexo I pag 1 oferta'!$G$36/100)>'LOTE 2 Tabla Desglose Precio'!$J$6),"error % max.",IF(G27>=E27,+ROUND(((100-'Anexo I pag 1 oferta'!$G$36)/100)*'LOTE 2 Tabla Desglose Precio'!G27,2),ROUND(((100-'Anexo I pag 1 oferta'!$G$36)/100)*'LOTE 2 Tabla Desglose Precio'!E27,2))))) | K27: =IF('Anexo I pag 1 oferta'!$H$30<>"si","",+ROUND(+F27*J27,2))
A28: A.03.02 | B28: Partida | C28: Ud | D28: CANON DE VERTIDO POR ENTREGA DE CONTENEDOR CON RESIDUOS INERTES | E28: 0.0033 | F28: 1 | G28: =+ROUND(($H$24*E28)/F28,2) -> 0 | H28: =+ROUND(+F28*G28,2) -> 0 | J28: =+IF('Anexo I pag 1 oferta'!$H$30<>"si","",+IF(OR(SUM('Anexo I pag 1 oferta'!$G$34+'Anexo I pag 1 oferta'!$G$36)<=0,AND('Anexo I pag 1 oferta'!$G$34="",'Anexo I pag 1 oferta'!$G$36="")),"",IF(OR(('Anexo I pag 1 oferta'!$G$34/100)>'LOTE 1 Tabla Desglose Precio'!$J$6,('Anexo I pag 1 oferta'!$G$36/100)>'LOTE 2 Tabla Desglose Precio'!$J$6),"error % max.",IF(G28>=E28,+ROUND(((100-'Anexo I pag 1 oferta'!$G$36)/100)*'LOTE 2 Tabla Desglose Precio'!G28,2),ROUND(((100-'Anexo I pag 1 oferta'!$G$36)/100)*'LOTE 2 Tabla Desglose Precio'!E28,2))))) | K28: =IF('Anexo I pag 1 oferta'!$H$30<>"si","",+ROUND(+F28*J28,2))
D29: CAP.03 | H29: =SUM(H27:H28) -> 0 | K29: =SUM(K27:K28) -> 0
A30: CAP.04 | B30: Capítulo | D30: CONTROL DE CALIDAD Y ENSAYOS ( # ) | E30: % | G30: (#) | H30: (#)
A31: A.04.01 | B31: Partida | C31: Ud | D31: ENSAYO ESTÁTICO DE PUESTA EN CARGA DE PASARELA CON MEDICIÓN DE F | E31: 0.0441 | F31: 2 | G31: =+ROUND(($H$24*E31)/F31,2) -> 0 | H31: =+ROUND(+F31*G31,2) -> 0 | J31: =+IF('Anexo I pag 1 oferta'!$H$30<>"si","",+IF(OR(SUM('Anexo I pag 1 oferta'!$G$34+'Anexo I pag 1 oferta'!$G$36)<=0,AND('Anexo I pag 1 oferta'!$G$34="",'Anexo I pag 1 oferta'!$G$36="")),"",IF(OR(('Anexo I pag 1 oferta'!$G$34/100)>'LOTE 1 Tabla Desglose Precio'!$J$6,('Anexo I pag 1 oferta'!$G$36/100)>'LOTE 2 Tabla Desglose Precio'!$J$6),"error % max.",IF(G31>=E31,+ROUND(((100-'Anexo I pag 1 oferta'!$G$36)/100)*'LOTE 2 Tabla Desglose Precio'!G31,2),ROUND(((100-'Anexo I pag 1 oferta'!$G$36)/100)*'LOTE 2 Tabla Desglose Precio'!E31,2))))) | K31: =IF('Anexo I pag 1 oferta'!$H$30<>"si","",+ROUND(+F31*J31,2))
A32: A.04.02 | B32: Partida | C32: Ud | D32: ENSAYO ESTÁTICO DE PUESTA EN CARGA DE PASARELA SIN MEDICIÓN DE F | E32: 0.0526 | F32: 5 | G32: =+ROUND(($H$24*E32)/F32,2) -> 0 | H32: =+ROUND(+F32*G32,2) -> 0 | J32: =+IF('Anexo I pag 1 oferta'!$H$30<>"si","",+IF(OR(SUM('Anexo I pag 1 oferta'!$G$34+'Anexo I pag 1 oferta'!$G$36)<=0,AND('Anexo I pag 1 oferta'!$G$34="",'Anexo I pag 1 oferta'!$G$36="")),"",IF(OR(('Anexo I pag 1 oferta'!$G$34/100)>'LOTE 1 Tabla Desglose Precio'!$J$6,('Anexo I pag 1 oferta'!$G$36/100)>'LOTE 2 Tabla Desglose Precio'!$J$6),"error % max.",IF(G32>=E32,+ROUND(((100-'Anexo I pag 1 oferta'!$G$36)/100)*'LOTE 2 Tabla Desglose Precio'!G32,2),ROUND(((100-'Anexo I pag 1 oferta'!$G$36)/100)*'LOTE 2 Tabla Desglose Precio'!E32,2))))) | K32: =IF('Anexo I pag 1 oferta'!$H$30<>"si","",+ROUND(+F32*J32,2))
D33: CAP.04 | H33: =SUM(H31:H32) -> 0 | K33: =SUM(K31:K32) -> 0
A34: CAP.05 | B34: Capítulo | D34: SEGURIDAD Y SALUD ( # ) | E34: % | G34: (#) | H34: (#)
A35: A.05.01 | B35: Partida | C35: PA | D35: IMPLANTACIÓN MEDIDAS DE SEGURIDAD Y SALUD | E35: 0.0221 | F35: 1 | G35: =+ROUND(($H$24*E35)/F35,2) -> 0 | H35: =+ROUND(+F35*G35,2) -> 0 | J35: =+IF('Anexo I pag 1 oferta'!$H$30<>"si","",+IF(OR(SUM('Anexo I pag 1 oferta'!$G$34+'Anexo I pag 1 oferta'!$G$36)<=0,AND('Anexo I pag 1 oferta'!$G$34="",'Anexo I pag 1 oferta'!$G$36="")),"",IF(OR(('Anexo I pag 1 oferta'!$G$34/100)>'LOTE 1 Tabla Desglose Precio'!$J$6,('Anexo I pag 1 oferta'!$G$36/100)>'LOTE 2 Tabla Desglose Precio'!$J$6),"error % max.",IF(G35>=E35,+ROUND(((100-'Anexo I pag 1 oferta'!$G$36)/100)*'LOTE 2 Tabla Desglose Precio'!G35,2),ROUND(((100-'Anexo I pag 1 oferta'!$G$36)/100)*'LOTE 2 Tabla Desglose Precio'!E35,2))))) | K35: =IF('Anexo I pag 1 oferta'!$H$30<>"si","",+ROUND(+F35*J35,2))
D36: CAP.05 | H36: =SUM(H35) -> 0 | K36: =SUM(K35) -> 0
D37: Suma Proyecto NNEE_PRADOREY | H37: =+H36+H33+H29+H23+H20 -> 0 | K37: =+K36+K33+K29+K23+K20 -> 0
A38: .
A39: Código | B39: Nat | C39: Ud | D39: Resumen | F39: CanPres | G39: PrPres | H39: ImpPres (*) | J39: PrPres | K39: ImpPres (*)
A40: Proyecto: MEJORAS EN PASARELAS DE MANTENIMIENTO EDIFICIO "EPR"
A41: CAP.01 | B41: Capítulo | D41: PASARELAS INTERIORES
A42: B.01.01 | B42: Partida | C42: Ud | D42: MONTAJE Y DESMONTAJE DE ANDAMIO TUBULAR DE FACHADA HASTA 12M DE | F42: 2 | H42: =+ROUND(+F42*G42,2) -> 0 | J42: =+IF('Anexo I pag 1 oferta'!$H$30<>"si","",+IF(OR(SUM('Anexo I pag 1 oferta'!$G$34+'Anexo I pag 1 oferta'!$G$36)<=0,AND('Anexo I pag 1 oferta'!$G$34="",'Anexo I pag 1 oferta'!$G$36="")),"",IF(OR(('Anexo I pag 1 oferta'!$G$34/100)>'LOTE 1 Tabla Desglose Precio'!$J$6,('Anexo I pag 1 oferta'!$G$36/100)>'LOTE 2 Tabla Desglose Precio'!$J$6),"error % max.",IF(G42>=E42,+ROUND(((100-'Anexo I pag 1 oferta'!$G$36)/100)*'LOTE 2 Tabla Desglose Precio'!G42,2),ROUND(((100-'Anexo I pag 1 oferta'!$G$36)/100)*'LOTE 2 Tabla Desglose Precio'!E42,2))))) | K42: =IF('Anexo I pag 1 oferta'!$H$30<>"si","",+ROUND(+F42*J42,2))
A43: B.01.02 | B43: Partida | C43: Ud | D43: ALQUILER DE ANDAMIO TUBULAR DE FACHADA HASTA 12M DE ALTURA | F43: 2 | H43: =+ROUND(+F43*G43,2) -> 0 | J43: =+IF('Anexo I pag 1 oferta'!$H$30<>"si","",+IF(OR(SUM('Anexo I pag 1 oferta'!$G$34+'Anexo I pag 1 oferta'!$G$36)<=0,AND('Anexo I pag 1 oferta'!$G$34="",'Anexo I pag 1 oferta'!$G$36="")),"",IF(OR(('Anexo I pag 1 oferta'!$G$34/100)>'LOTE 1 Tabla Desglose Precio'!$J$6,('Anexo I pag 1 oferta'!$G$36/100)>'LOTE 2 Tabla Desglose Precio'!$J$6),"error % max.",IF(G43>=E43,+ROUND(((100-'Anexo I pag 1 oferta'!$G$36)/100)*'LOTE 2 Tabla Desglose Precio'!G43,2),ROUND(((100-'Anexo I pag 1 oferta'!$G$36)/100)*'LOTE 2 Tabla Desglose Precio'!E43,2))))) | K43: =IF('Anexo I pag 1 oferta'!$H$30<>"si","",+ROUND(+F43*J43,2))
A44: B.01.03 | B44: Partida | C44: m | D44: LEVANTADO SUELO PLANCHAS CHAPA METÁLICA PERFORJADA 80X60cm e=3mm | F44: 4 | H44: =+ROUND(+F44*G44,2) -> 0 | J44: =+IF('Anexo I pag 1 oferta'!$H$30<>"si","",+IF(OR(SUM('Anexo I pag 1 oferta'!$G$34+'Anexo I pag 1 oferta'!$G$36)<=0,AND('Anexo I pag 1 oferta'!$G$34="",'Anexo I pag 1 oferta'!$G$36="")),"",IF(OR(('Anexo I pag 1 oferta'!$G$34/100)>'LOTE 1 Tabla Desglose Precio'!$J$6,('Anexo I pag 1 oferta'!$G$36/100)>'LOTE 2 Tabla Desglose Precio'!$J$6),"error % max.",IF(G44>=E44,+ROUND(((100-'Anexo I pag 1 oferta'!$G$36)/100)*'LOTE 2 Tabla Desglose Precio'!G44,2),ROUND(((100-'Anexo I pag 1 oferta'!$G$36)/100)*'LOTE 2 Tabla Desglose Precio'!E44,2))))) | K44: =IF('Anexo I pag 1 oferta'!$H$30<>"si","",+ROUND(+F44*J44,2))
A45: B.01.04 | B45: Partida | C45: m | D45: DESMONTAJE MARCO REJILLA ELECTROSOLDADA TUBO 40.40.2 ACERO GALV. | F45: 4 | H45: =+ROUND(+F45*G45,2) -> 0 | J45: =+IF('Anexo I pag 1 oferta'!$H$30<>"si","",+IF(OR(SUM('Anexo I pag 1 oferta'!$G$34+'Anexo I pag 1 oferta'!$G$36)<=0,AND('Anexo I pag 1 oferta'!$G$34="",'Anexo I pag 1 oferta'!$G$36="")),"",IF(OR(('Anexo I pag 1 oferta'!$G$34/100)>'LOTE 1 Tabla Desglose Precio'!$J$6,('Anexo I pag 1 oferta'!$G$36/100)>'LOTE 2 Tabla Desglose Precio'!$J$6),"error % max.",IF(G45>=E45,+ROUND(((100-'Anexo I pag 1 oferta'!$G$36)/100)*'LOTE 2 Tabla Desglose Precio'!G45,2),ROUND(((100-'Anexo I pag 1 oferta'!$G$36)/100)*'LOTE 2 Tabla Desglose Precio'!E45,2))))) | K45: =IF('Anexo I pag 1 oferta'!$H$30<>"si","",+ROUND(+F45*J45,2))
A46: B.01.05 | B46: Partida | C46: m | D46: DESMONTAJE BARANDAL CABLE DE ACERO DIÁMETRO 10MM CON RECUPERACIÓ | F46: 260.7 | H46: =+ROUND(+F46*G46,2) -> 0 | J46: =+IF('Anexo I pag 1 oferta'!$H$30<>"si","",+IF(OR(SUM('Anexo I pag 1 oferta'!$G$34+'Anexo I pag 1 oferta'!$G$36)<=0,AND('Anexo I pag 1 oferta'!$G$34="",'Anexo I pag 1 oferta'!$G$36="")),"",IF(OR(('Anexo I pag 1 oferta'!$G$34/100)>'LOTE 1 Tabla Desglose Precio'!$J$6,('Anexo I pag 1 oferta'!$G$36/100)>'LOTE 2 Tabla Desglose Precio'!$J$6),"error % max.",IF(G46>=E46,+ROUND(((100-'Anexo I pag 1 oferta'!$G$36)/100)*'LOTE 2 Tabla Desglose Precio'!G46,2),ROUND(((100-'Anexo I pag 1 oferta'!$G$36)/100)*'LOTE 2 Tabla Desglose Precio'!E46,2))))) | K46: =IF('Anexo I pag 1 oferta'!$H$30<>"si","",+ROUND(+F46*J46,2))
A47: B.01.06 | B47: Partida | C47: ud | D47: DESMONTAJE BALAUSTRE METÁLICO DOBLE PLETINA 40.8MM. SIN RECUPERA | F47: 14 | H47: =+ROUND(+F47*G47,2) -> 0 | J47: =+IF('Anexo I pag 1 oferta'!$H$30<>"si","",+IF(OR(SUM('Anexo I pag 1 oferta'!$G$34+'Anexo I pag 1 oferta'!$G$36)<=0,AND('Anexo I pag 1 oferta'!$G$34="",'Anexo I pag 1 oferta'!$G$36="")),"",IF(OR(('Anexo I pag 1 oferta'!$G$34/100)>'LOTE 1 Tabla Desglose Precio'!$J$6,('Anexo I pag 1 oferta'!$G$36/100)>'LOTE 2 Tabla Desglose Precio'!$J$6),"error % max.",IF(G47>=E47,+ROUND(((100-'Anexo I pag 1 oferta'!$G$36)/100)*'LOTE 2 Tabla Desglose Precio'!G47,2),ROUND(((100-'Anexo I pag 1 oferta'!$G$36)/100)*'LOTE 2 Tabla Desglose Precio'!E47,2))))) | K47: =IF('Anexo I pag 1 oferta'!$H$30<>"si","",+ROUND(+F47*J47,2))
A48: B.01.07 | B48: Partida | C48: ud | D48: BALAUSTRE DOBLE PLETINA 50.12MM ACERO GALV. CAL. | F48: 14 | H48: =+ROUND(+F48*G48,2) -> 0 | J48: =+IF('Anexo I pag 1 oferta'!$H$30<>"si","",+IF(OR(SUM('Anexo I pag 1 oferta'!$G$34+'Anexo I pag 1 oferta'!$G$36)<=0,AND('Anexo I pag 1 oferta'!$G$34="",'Anexo I pag 1 oferta'!$G$36="")),"",IF(OR(('Anexo I pag 1 oferta'!$G$34/100)>'LOTE 1 Tabla Desglose Precio'!$J$6,('Anexo I pag 1 oferta'!$G$36/100)>'LOTE 2 Tabla Desglose Precio'!$J$6),"error % max.",IF(G48>=E48,+ROUND(((100-'Anexo I pag 1 oferta'!$G$36)/100)*'LOTE 2 Tabla Desglose Precio'!G48,2),ROUND(((100-'Anexo I pag 1 oferta'!$G$36)/100)*'LOTE 2 Tabla Desglose Precio'!E48,2))))) | K48: =IF('Anexo I pag 1 oferta'!$H$30<>"si","",+ROUND(+F48*J48,2))
A49: B.01.08 | B49: Partida | C49: Ud | D49: BALAUSTRE DOBLE PLETINA 50.12MM DE ACERO GALV..CAL.C/PLACA ANCLA | F49: 8 | H49: =+ROUND(+F49*G49,2) -> 0 | J49: =+IF('Anexo I pag 1 oferta'!$H$30<>"si","",+IF(OR(SUM('Anexo I pag 1 oferta'!$G$34+'Anexo I pag 1 oferta'!$G$36)<=0,AND('Anexo I pag 1 oferta'!$G$34="",'Anexo I pag 1 oferta'!$G$36="")),"",IF(OR(('Anexo I pag 1 oferta'!$G$34/100)>'LOTE 1 Tabla Desglose Precio'!$J$6,('Anexo I pag 1 oferta'!$G$36/100)>'LOTE 2 Tabla Desglose Precio'!$J$6),"error % max.",IF(G49>=E49,+ROUND(((100-'Anexo I pag 1 oferta'!$G$36)/100)*'LOTE 2 Tabla Desglose Precio'!G49,2),ROUND(((100-'Anexo I pag 1 oferta'!$G$36)/100)*'LOTE 2 Tabla Desglose Precio'!E49,2))))) | K49: =IF('Anexo I pag 1 oferta'!$H$30<>"si","",+ROUND(+F49*J49,2))
A50: B.01.09 | B50: Partida | C50: m | D50: BARANDAL CABLE POSTENSADO ACERO GALVANIZADO DIÁMETRO 10MM C/TENS | F50: 98.4 | H50: =+ROUND(+F50*G50,2) -> 0 | J50: =+IF('Anexo I pag 1 oferta'!$H$30<>"si","",+IF(OR(SUM('Anexo I pag 1 oferta'!$G$34+'Anexo I pag 1 oferta'!$G$36)<=0,AND('Anexo I pag 1 oferta'!$G$34="",'Anexo I pag 1 oferta'!$G$36="")),"",IF(OR(('Anexo I pag 1 oferta'!$G$34/100)>'LOTE 1 Tabla Desglose Precio'!$J$6,('Anexo I pag 1 oferta'!$G$36/100)>'LOTE 2 Tabla Desglose Precio'!$J$6),"error % max.",IF(G50>=E50,+ROUND(((100-'Anexo I pag 1 oferta'!$G$36)/100)*'LOTE 2 Tabla Desglose Precio'!G50,2),ROUND(((100-'Anexo I pag 1 oferta'!$G$36)/100)*'LOTE 2 Tabla Desglose Precio'!E50,2))))) | K50: =IF('Anexo I pag 1 oferta'!$H$30<>"si","",+ROUND(+F50*J50,2))
A51: B.01.10 | B51: Partida | C51: m | D51: BARANDAL PERFIL MACIZO DIÁMETRO 16MM | F51: 16.8 | H51: =+ROUND(+F51*G51,2) -> 0 | J51: =+IF('Anexo I pag 1 oferta'!$H$30<>"si","",+IF(OR(SUM('Anexo I pag 1 oferta'!$G$34+'Anexo I pag 1 oferta'!$G$36)<=0,AND('Anexo I pag 1 oferta'!$G$34="",'Anexo I pag 1 oferta'!$G$36="")),"",IF(OR(('Anexo I pag 1 oferta'!$G$34/100)>'LOTE 1 Tabla Desglose Precio'!$J$6,('Anexo I pag 1 oferta'!$G$36/100)>'LOTE 2 Tabla Desglose Precio'!$J$6),"error % max.",IF(G51>=E51,+ROUND(((100-'Anexo I pag 1 oferta'!$G$36)/100)*'LOTE 2 Tabla Desglose Precio'!G51,2),ROUND(((100-'Anexo I pag 1 oferta'!$G$36)/100)*'LOTE 2 Tabla Desglose Precio'!E51,2))))) | K51: =IF('Anexo I pag 1 oferta'!$H$30<>"si","",+ROUND(+F51*J51,2))
A52: B.01.11 | B52: Partida | C52: m | D52: PASAMANOS TRAMO EXTREMO TUBO CIRCULAR 50.2MM C/SUPLEMENTO IPE-16 | F52: 40.4 | H52: =+ROUND(+F52*G52,2) -> 0 | J52: =+IF('Anexo I pag 1 oferta'!$H$30<>"si","",+IF(OR(SUM('Anexo I pag 1 oferta'!$G$34+'Anexo I pag 1 oferta'!$G$36)<=0,AND('Anexo I pag 1 oferta'!$G$34="",'Anexo I pag 1 oferta'!$G$36="")),"",IF(OR(('Anexo I pag 1 oferta'!$G$34/100)>'LOTE 1 Tabla Desglose Precio'!$J$6,('Anexo I pag 1 oferta'!$G$36/100)>'LOTE 2 Tabla Desglose Precio'!$J$6),"error % max.",IF(G52>=E52,+ROUND(((100-'Anexo I pag 1 oferta'!$G$36)/100)*'LOTE 2 Tabla Desglose Precio'!G52,2),ROUND(((100-'Anexo I pag 1 oferta'!$G$36)/100)*'LOTE 2 Tabla Desglose Precio'!E52,2))))) | K52: =IF('Anexo I pag 1 oferta'!$H$30<>"si","",+ROUND(+F52*J52,2))
A53: B.01.12 | B53: Partida | C53: m | D53: PASAMANOS TRAMO EXTREMO TUBO CIRCULAR 50.2MM C/DOBLE SUPLEMENTO | F53: 31.2 | H53: =+ROUND(+F53*G53,2) -> 0 | J53: =+IF('Anexo I pag 1 oferta'!$H$30<>"si","",+IF(OR(SUM('Anexo I pag 1 oferta'!$G$34+'Anexo I pag 1 oferta'!$G$36)<=0,AND('Anexo I pag 1 oferta'!$G$34="",'Anexo I pag 1 oferta'!$G$36="")),"",IF(OR(('Anexo I pag 1 oferta'!$G$34/100)>'LOTE 1 Tabla Desglose Precio'!$J$6,('Anexo I pag 1 oferta'!$G$36/100)>'LOTE 2 Tabla Desglose Precio'!$J$6),"error % max.",IF(G53>=E53,+ROUND(((100-'Anexo I pag 1 oferta'!$G$36)/100)*'LOTE 2 Tabla Desglose Precio'!G53,2),ROUND(((100-'Anexo I pag 1 oferta'!$G$36)/100)*'LOTE 2 Tabla Desglose Precio'!E53,2))))) | K53: =IF('Anexo I pag 1 oferta'!$H$30<>"si","",+ROUND(+F53*J53,2))
... A57: B.01.16 | B57: Partida | C57: Ud | D57: ESCALERA EXTENSIBLE ALUMINIO JAULA PROTECCIÓN ALTURA LIBRE A SAL | F57: 6 | H57: =+ROUND(+F57*G57,2) -> 0 | J57: =+IF('Anexo I pag 1 oferta'!$H$30<>"si","",+IF(OR(SUM('Anexo I pag 1 oferta'!$G$34+'Anexo I pag 1 oferta'!$G$36)<=0,AND('Anexo I pag 1 oferta'!$G$34="",'Anexo I pag 1 oferta'!$G$36="")),"",IF(OR(('Anexo I pag 1 oferta'!$G$34/100)>'LOTE 1 Tabla Desglose Precio'!$J$6,('Anexo I pag 1 oferta'!$G$36/100)>'LOTE 2 Tabla Desglose Precio'!$J$6),"error % max.",IF(G57>=E57,+ROUND(((100-'Anexo I pag 1 oferta'!$G$36)/100)*'LOTE 2 Tabla Desglose Precio'!G57,2),ROUND(((100-'Anexo I pag 1 oferta'!$G$36)/100)*'LOTE 2 Tabla Desglose Precio'!E57,2))))) | K57: =IF('Anexo I pag 1 oferta'!$H$30<>"si","",+ROUND(+F57*J57,2))
D58: CAP.01 | H58: =SUM(H42:H57) -> 0 | K58: =SUM(K42:K57) -> 0
A59: CAP.02 | B59: Capítulo | D59: PASARELAS EXTERIORES
A60: B.02.01 | B60: Partida | C60: Ud | D60: MONTAJE Y DESMONTAJE DE ANDAMIO TUBULAR DE FACHADA HASTA 15M DE | F60: 4 | H60: =+ROUND(+F60*G60,2) -> 0 | J60: =+IF('Anexo I pag 1 oferta'!$H$30<>"si","",+IF(OR(SUM('Anexo I pag 1 oferta'!$G$34+'Anexo I pag 1 oferta'!$G$36)<=0,AND('Anexo I pag 1 oferta'!$G$34="",'Anexo I pag 1 oferta'!$G$36="")),"",IF(OR(('Anexo I pag 1 oferta'!$G$34/100)>'LOTE 1 Tabla Desglose Precio'!$J$6,('Anexo I pag 1 oferta'!$G$36/100)>'LOTE 2 Tabla Desglose Precio'!$J$6),"error % max.",IF(G60>=E60,+ROUND(((100-'Anexo I pag 1 oferta'!$G$36)/100)*'LOTE 2 Tabla Desglose Precio'!G60,2),ROUND(((100-'Anexo I pag 1 oferta'!$G$36)/100)*'LOTE 2 Tabla Desglose Precio'!E60,2))))) | K60: =IF('Anexo I pag 1 oferta'!$H$30<>"si","",+ROUND(+F60*J60,2))
A61: B.02.02 | B61: Partida | C61: Ud | D61: ALQUILER DE ANDAMIO TUBULAR DE FACHADA HASTA 15M DE ALTURA | F61: 4 | H61: =+ROUND(+F61*G61,2) -> 0 | J61: =+IF('Anexo I pag 1 oferta'!$H$30<>"si","",+IF(OR(SUM('Anexo I pag 1 oferta'!$G$34+'Anexo I pag 1 oferta'!$G$36)<=0,AND('Anexo I pag 1 oferta'!$G$34="",'Anexo I pag 1 oferta'!$G$36="")),"",IF(OR(('Anexo I pag 1 oferta'!$G$34/100)>'LOTE 1 Tabla Desglose Precio'!$J$6,('Anexo I pag 1 oferta'!$G$36/100)>'LOTE 2 Tabla Desglose Precio'!$J$6),"error % max.",IF(G61>=E61,+ROUND(((100-'Anexo I pag 1 oferta'!$G$36)/100)*'LOTE 2 Tabla Desglose Precio'!G61,2),ROUND(((100-'Anexo I pag 1 oferta'!$G$36)/100)*'LOTE 2 Tabla Desglose Precio'!E61,2))))) | K61: =IF('Anexo I pag 1 oferta'!$H$30<>"si","",+ROUND(+F61*J61,2))
A62: B.02.03 | B62: Partida | C62: Ud | D62: MONTAJE Y DESMONTAJE DE ANDAMIO TUBULAR DE FACHADA HASTA 20M DE | F62: 2 | H62: =+ROUND(+F62*G62,2) -> 0 | J62: =+IF('Anexo I pag 1 oferta'!$H$30<>"si","",+IF(OR(SUM('Anexo I pag 1 oferta'!$G$34+'Anexo I pag 1 oferta'!$G$36)<=0,AND('Anexo I pag 1 oferta'!$G$34="",'Anexo I pag 1 oferta'!$G$36="")),"",IF(OR(('Anexo I pag 1 oferta'!$G$34/100)>'LOTE 1 Tabla Desglose Precio'!$J$6,('Anexo I pag 1 oferta'!$G$36/100)>'LOTE 2 Tabla Desglose Precio'!$J$6),"error % max.",IF(G62>=E62,+ROUND(((100-'Anexo I pag 1 oferta'!$G$36)/100)*'LOTE 2 Tabla Desglose Precio'!G62,2),ROUND(((100-'Anexo I pag 1 oferta'!$G$36)/100)*'LOTE 2 Tabla Desglose Precio'!E62,2))))) | K62: =IF('Anexo I pag 1 oferta'!$H$30<>"si","",+ROUND(+F62*J62,2))
A63: B.02.04 | B63: Partida | C63: Ud | D63: ALQUILER DE ANDAMIO TUBULAR DE FACHADA HASTA 20M DE ALTURA | F63: 2 | H63: =+ROUND(+F63*G63,2) -> 0 | J63: =+IF('Anexo I pag 1 oferta'!$H$30<>"si","",+IF(OR(SUM('Anexo I pag 1 oferta'!$G$34+'Anexo I pag 1 oferta'!$G$36)<=0,AND('Anexo I pag 1 oferta'!$G$34="",'Anexo I pag 1 oferta'!$G$36="")),"",IF(OR(('Anexo I pag 1 oferta'!$G$34/100)>'LOTE 1 Tabla Desglose Precio'!$J$6,('Anexo I pag 1 oferta'!$G$36/100)>'LOTE 2 Tabla Desglose Precio'!$J$6),"error % max.",IF(G63>=E63,+ROUND(((100-'Anexo I pag 1 oferta'!$G$36)/100)*'LOTE 2 Tabla Desglose Precio'!G63,2),ROUND(((100-'Anexo I pag 1 oferta'!$G$36)/100)*'LOTE 2 Tabla Desglose Precio'!E63,2))))) | K63: =IF('Anexo I pag 1 oferta'!$H$30<>"si","",+ROUND(+F63*J63,2))
A64: B.02.05 | B64: Partida | C64: m | D64: DESMONTAJE BARANDAL CABLE DE ACERO DIÁMETRO 10MM CON RECUPERACIÓ | F64: 765.6 | H64: =+ROUND(+F64*G64,2) -> 0 | J64: =+IF('Anexo I pag 1 oferta'!$H$30<>"si","",+IF(OR(SUM('Anexo I pag 1 oferta'!$G$34+'Anexo I pag 1 oferta'!$G$36)<=0,AND('Anexo I pag 1 oferta'!$G$34="",'Anexo I pag 1 oferta'!$G$36="")),"",IF(OR(('Anexo I pag 1 oferta'!$G$34/100)>'LOTE 1 Tabla Desglose Precio'!$J$6,('Anexo I pag 1 oferta'!$G$36/100)>'LOTE 2 Tabla Desglose Precio'!$J$6),"error % max.",IF(G64>=E64,+ROUND(((100-'Anexo I pag 1 oferta'!$G$36)/100)*'LOTE 2 Tabla Desglose Precio'!G64,2),ROUND(((100-'Anexo I pag 1 oferta'!$G$36)/100)*'LOTE 2 Tabla Desglose Precio'!E64,2))))) | K64: =IF('Anexo I pag 1 oferta'!$H$30<>"si","",+ROUND(+F64*J64,2))
A65: B.02.06 | B65: Partida | C65: ud | D65: DESMONTAJE BALAUSTRE METÁLICO DOBLE PLETINA HASTA 40.8MM. SIN RECUPERA | F65: 88 | H65: =+ROUND(+F65*G65,2) -> 0 | J65: =+IF('Anexo I pag 1 oferta'!$H$30<>"si","",+IF(OR(SUM('Anexo I pag 1 oferta'!$G$34+'Anexo I pag 1 oferta'!$G$36)<=0,AND('Anexo I pag 1 oferta'!$G$34="",'Anexo I pag 1 oferta'!$G$36="")),"",IF(OR(('Anexo I pag 1 oferta'!$G$34/100)>'LOTE 1 Tabla Desglose Precio'!$J$6,('Anexo I pag 1 oferta'!$G$36/100)>'LOTE 2 Tabla Desglose Precio'!$J$6),"error % max.",IF(G65>=E65,+ROUND(((100-'Anexo I pag 1 oferta'!$G$36)/100)*'LOTE 2 Tabla Desglose Precio'!G65,2),ROUND(((100-'Anexo I pag 1 oferta'!$G$36)/100)*'LOTE 2 Tabla Desglose Precio'!E65,2))))) | K65: =IF('Anexo I pag 1 oferta'!$H$30<>"si","",+ROUND(+F65*J65,2))
A66: B.02.07 | B66: Partida | C66: ud | D66: BALAUSTRE DOBLE PLETINA 50.12MM ACERO GALVANIZADO EN CALIENTE. | F66: 88 | H66: =+ROUND(+F66*G66,2) -> 0 | J66: =+IF('Anexo I pag 1 oferta'!$H$30<>"si","",+IF(OR(SUM('Anexo I pag 1 oferta'!$G$34+'Anexo I pag 1 oferta'!$G$36)<=0,AND('Anexo I pag 1 oferta'!$G$34="",'Anexo I pag 1 oferta'!$G$36="")),"",IF(OR(('Anexo I pag 1 oferta'!$G$34/100)>'LOTE 1 Tabla Desglose Precio'!$J$6,('Anexo I pag 1 oferta'!$G$36/100)>'LOTE 2 Tabla Desglose Precio'!$J$6),"error % max.",IF(G66>=E66,+ROUND(((100-'Anexo I pag 1 oferta'!$G$36)/100)*'LOTE 2 Tabla Desglose Precio'!G66,2),ROUND(((100-'Anexo I pag 1 oferta'!$G$36)/100)*'LOTE 2 Tabla Desglose Precio'!E66,2))))) | K66: =IF('Anexo I pag 1 oferta'!$H$30<>"si","",+ROUND(+F66*J66,2))
A67: B.02.08 | B67: Partida | C67: m | D67: BARANDAL CABLE POSTENSADO ACERO GALVANIZADO DIÁMETRO 10MM C/TENS | F67: 765.6 | H67: =+ROUND(+F67*G67,2) -> 0 | J67: =+IF('Anexo I pag 1 oferta'!$H$30<>"si","",+IF(OR(SUM('Anexo I pag 1 oferta'!$G$34+'Anexo I pag 1 oferta'!$G$36)<=0,AND('Anexo I pag 1 oferta'!$G$34="",'Anexo I pag 1 oferta'!$G$36="")),"",IF(OR(('Anexo I pag 1 oferta'!$G$34/100)>'LOTE 1 Tabla Desglose Precio'!$J$6,('Anexo I pag 1 oferta'!$G$36/100)>'LOTE 2 Tabla Desglose Precio'!$J$6),"error % max.",IF(G67>=E67,+ROUND(((100-'Anexo I pag 1 oferta'!$G$36)/100)*'LOTE 2 Tabla Desglose Precio'!G67,2),ROUND(((100-'Anexo I pag 1 oferta'!$G$36)/100)*'LOTE 2 Tabla Desglose Precio'!E67,2))))) | K67: =IF('Anexo I pag 1 oferta'!$H$30<>"si","",+ROUND(+F67*J67,2))
A68: B.02.09 | B68: Partida | C68: m | D68: PASAMANOS TRAMO EXTREMO TUBO CIRCULAR 50.2MM C/SUPLEMENTO IPE-16 | F68: 105.6 | H68: =+ROUND(+F68*G68,2) -> 0 | J68: =+IF('Anexo I pag 1 oferta'!$H$30<>"si","",+IF(OR(SUM('Anexo I pag 1 oferta'!$G$34+'Anexo I pag 1 oferta'!$G$36)<=0,AND('Anexo I pag 1 oferta'!$G$34="",'Anexo I pag 1 oferta'!$G$36="")),"",IF(OR(('Anexo I pag 1 oferta'!$G$34/100)>'LOTE 1 Tabla Desglose Precio'!$J$6,('Anexo I pag 1 oferta'!$G$36/100)>'LOTE 2 Tabla Desglose Precio'!$J$6),"error % max.",IF(G68>=E68,+ROUND(((100-'Anexo I pag 1 oferta'!$G$36)/100)*'LOTE 2 Tabla Desglose Precio'!G68,2),ROUND(((100-'Anexo I pag 1 oferta'!$G$36)/100)*'LOTE 2 Tabla Desglose Precio'!E68,2))))) | K68: =IF('Anexo I pag 1 oferta'!$H$30<>"si","",+ROUND(+F68*J68,2))
A69: B.02.10 | B69: Partida | C69: m | D69: PASAMANOS TRAMO INTERMEDIO TUBO CIRCULAR 50.2MM ACERO GALVANIZAD | F69: 149.6 | H69: =+ROUND(+F69*G69,2) -> 0 | J69: =+IF('Anexo I pag 1 oferta'!$H$30<>"si","",+IF(OR(SUM('Anexo I pag 1 oferta'!$G$34+'Anexo I pag 1 oferta'!$G$36)<=0,AND('Anexo I pag 1 oferta'!$G$34="",'Anexo I pag 1 oferta'!$G$36="")),"",IF(OR(('Anexo I pag 1 oferta'!$G$34/100)>'LOTE 1 Tabla Desglose Precio'!$J$6,('Anexo I pag 1 oferta'!$G$36/100)>'LOTE 2 Tabla Desglose Precio'!$J$6),"error % max.",IF(G69>=E69,+ROUND(((100-'Anexo I pag 1 oferta'!$G$36)/100)*'LOTE 2 Tabla Desglose Precio'!G69,2),ROUND(((100-'Anexo I pag 1 oferta'!$G$36)/100)*'LOTE 2 Tabla Desglose Precio'!E69,2))))) | K69: =IF('Anexo I pag 1 oferta'!$H$30<>"si","",+ROUND(+F69*J69,2))
A70: B.02.11 | B70: Partida | C70: m | D70: RODAPIÉ METÁLICO CHAPA 2MM GALVANIZADA EN CALIENTE. | F70: 255.2 | H70: =+ROUND(+F70*G70,2) -> 0 | J70: =+IF('Anexo I pag 1 oferta'!$H$30<>"si","",+IF(OR(SUM('Anexo I pag 1 oferta'!$G$34+'Anexo I pag 1 oferta'!$G$36)<=0,AND('Anexo I pag 1 oferta'!$G$34="",'Anexo I pag 1 oferta'!$G$36="")),"",IF(OR(('Anexo I pag 1 oferta'!$G$34/100)>'LOTE 1 Tabla Desglose Precio'!$J$6,('Anexo I pag 1 oferta'!$G$36/100)>'LOTE 2 Tabla Desglose Precio'!$J$6),"error % max.",IF(G70>=E70,+ROUND(((100-'Anexo I pag 1 oferta'!$G$36)/100)*'LOTE 2 Tabla Desglose Precio'!G70,2),ROUND(((100-'Anexo I pag 1 oferta'!$G$36)/100)*'LOTE 2 Tabla Desglose Precio'!E70,2))))) | K70: =IF('Anexo I pag 1 oferta'!$H$30<>"si","",+ROUND(+F70*J70,2))
A71: B.02.12 | B71: Partida | C71: Ud | D71: REPARACIÓN PUERTAS DE ACCESO A PASARELAS PATIOS INTERIORES | F71: 22 | H71: =+ROUND(+F71*G71,2) -> 0 | J71: =+IF('Anexo I pag 1 oferta'!$H$30<>"si","",+IF(OR(SUM('Anexo I pag 1 oferta'!$G$34+'Anexo I pag 1 oferta'!$G$36)<=0,AND('Anexo I pag 1 oferta'!$G$34="",'Anexo I pag 1 oferta'!$G$36="")),"",IF(OR(('Anexo I pag 1 oferta'!$G$34/100)>'LOTE 1 Tabla Desglose Precio'!$J$6,('Anexo I pag 1 oferta'!$G$36/100)>'LOTE 2 Tabla Desglose Precio'!$J$6),"error % max.",IF(G71>=E71,+ROUND(((100-'Anexo I pag 1 oferta'!$G$36)/100)*'LOTE 2 Tabla Desglose Precio'!G71,2),ROUND(((100-'Anexo I pag 1 oferta'!$G$36)/100)*'LOTE 2 Tabla Desglose Precio'!E71,2))))) | K71: =IF('Anexo I pag 1 oferta'!$H$30<>"si","",+ROUND(+F71*J71,2))
D72: CAP.02 | H72: =SUM(H60:H71) -> 0 | K72: =SUM(K60:K71) -> 0
A73: CAP.03 | B73: Capítulo | D73: VARIOS
A74: B.03.01 | B74: Partida | C74: Ud | D74: CARTEL ESPECÍFICO INDICATIVO DEL PROTOCOLO DE USO | F74: 24 | H74: =+ROUND(+F74*G74,2) -> 0 | J74: =+IF('Anexo I pag 1 oferta'!$H$30<>"si","",+IF(OR(SUM('Anexo I pag 1 oferta'!$G$34+'Anexo I pag 1 oferta'!$G$36)<=0,AND('Anexo I pag 1 oferta'!$G$34="",'Anexo I pag 1 oferta'!$G$36="")),"",IF(OR(('Anexo I pag 1 oferta'!$G$34/100)>'LOTE 1 Tabla Desglose Precio'!$J$6,('Anexo I pag 1 oferta'!$G$36/100)>'LOTE 2 Tabla Desglose Precio'!$J$6),"error % max.",IF(G74>=E74,+ROUND(((100-'Anexo I pag 1 oferta'!$G$36)/100)*'LOTE 2 Tabla Desglose Precio'!G74,2),ROUND(((100-'Anexo I pag 1 oferta'!$G$36)/100)*'LOTE 2 Tabla Desglose Precio'!E74,2))))) | K74: =IF('Anexo I pag 1 oferta'!$H$30<>"si","",+ROUND(+F74*J74,2))
D75: CAP.03 | H75: =SUM(H74) -> 0 | K75: =SUM(K74) -> 0
D76: SUMA CAP.01 A 03 (EPR) | H76: =+H75+H72+H58 -> 0 | K76: =+K75+K72+K58 -> 0
A77: .
A78: CAP.04 | B78: Capítulo | D78: GESTIÓN DE RESIDUOS GRC¨s ( # ) | E78: % | G78: (#) | H78: (#)
A79: B.04.01 | B79: Partida | C79: Ud | D79: TRANSPORTE DE RESIDUOS INERTES CON CONTENEDOR. | E79: 0.0077 | F79: 5 | G79: =+ROUND(($H$76*E79)/F79,2) -> 0 | H79: =+ROUND(+F79*G79,2) -> 0 | J79: =+IF('Anexo I pag 1 oferta'!$H$30<>"si","",+IF(OR(SUM('Anexo I pag 1 oferta'!$G$34+'Anexo I pag 1 oferta'!$G$36)<=0,AND('Anexo I pag 1 oferta'!$G$34="",'Anexo I pag 1 oferta'!$G$36="")),"",IF(OR(('Anexo I pag 1 oferta'!$G$34/100)>'LOTE 1 Tabla Desglose Precio'!$J$6,('Anexo I pag 1 oferta'!$G$36/100)>'LOTE 2 Tabla Desglose Precio'!$J$6),"error % max.",IF(G79>=E79,+ROUND(((100-'Anexo I pag 1 oferta'!$G$36)/100)*'LOTE 2 Tabla Desglose Precio'!G79,2),ROUND(((100-'Anexo I pag 1 oferta'!$G$36)/100)*'LOTE 2 Tabla Desglose Precio'!E79,2))))) | K79: =IF('Anexo I pag 1 oferta'!$H$30<>"si","",+ROUND(+F79*J79,2))
A80: B.04.02 | B80: Partida | C80: Ud | D80: CANON DE VERTIDO POR ENTREGA DE CONTENEDOR CON RESIDUOS INERTES | E80: 0.0056 | F80: 5 | G80: =+ROUND(($H$76*E80)/F80,2) -> 0 | H80: =+ROUND(+F80*G80,2) -> 0 | J80: =+IF('Anexo I pag 1 oferta'!$H$30<>"si","",+IF(OR(SUM('Anexo I pag 1 oferta'!$G$34+'Anexo I pag 1 oferta'!$G$36)<=0,AND('Anexo I pag 1 oferta'!$G$34="",'Anexo I pag 1 oferta'!$G$36="")),"",IF(OR(('Anexo I pag 1 oferta'!$G$34/100)>'LOTE 1 Tabla Desglose Precio'!$J$6,('Anexo I pag 1 oferta'!$G$36/100)>'LOTE 2 Tabla Desglose Precio'!$J$6),"error % max.",IF(G80>=E80,+ROUND(((100-'Anexo I pag 1 oferta'!$G$36)/100)*'LOTE 2 Tabla Desglose Precio'!G80,2),ROUND(((100-'Anexo I pag 1 oferta'!$G$36)/100)*'LOTE 2 Tabla Desglose Precio'!E80,2))))) | K80: =IF('Anexo I pag 1 oferta'!$H$30<>"si","",+ROUND(+F80*J80,2))
D81: CAP.04 | H81: =SUM(H79:H80) -> 0 | K81: =SUM(K79:K80) -> 0
A82: CAP.05 | B82: Capítulo | D82: CONTROL DE CALIDAD Y ENSAYOS ( # ) | E82: % | G82: (#) | H82: (#)
A83: B.05.01 | B83: Partida | C83: Ud | D83: ENSAYO NO DESTRUCTIVO DE SOLDADURAS EN ESTRUCTURAS METÁLICAS. | E83: 0.0036 | F83: 5 | G83: =+ROUND(($H$76*E83)/F83,2) -> 0 | H83: =+ROUND(+F83*G83,2) -> 0 | J83: =+IF('Anexo I pag 1 oferta'!$H$30<>"si","",+IF(OR(SUM('Anexo I pag 1 oferta'!$G$34+'Anexo I pag 1 oferta'!$G$36)<=0,AND('Anexo I pag 1 oferta'!$G$34="",'Anexo I pag 1 oferta'!$G$36="")),"",IF(OR(('Anexo I pag 1 oferta'!$G$34/100)>'LOTE 1 Tabla Desglose Precio'!$J$6,('Anexo I pag 1 oferta'!$G$36/100)>'LOTE 2 Tabla Desglose Precio'!$J$6),"error % max.",IF(G83>=E83,+ROUND(((100-'Anexo I pag 1 oferta'!$G$36)/100)*'LOTE 2 Tabla Desglose Precio'!G83,2),ROUND(((100-'Anexo I pag 1 oferta'!$G$36)/100)*'LOTE 2 Tabla Desglose Precio'!E83,2))))) | K83: =IF('Anexo I pag 1 oferta'!$H$30<>"si","",+ROUND(+F83*J83,2))
A84: B.05.02 | B84: Partida | C84: Ud | D84: PRUEBA ESTÁTICA DE BARANDILLA. | E84: 0.0161 | F84: 5 | G84: =+ROUND(($H$76*E84)/F84,2) -> 0 | H84: =+ROUND(+F84*G84,2) -> 0 | J84: =+IF('Anexo I pag 1 oferta'!$H$30<>"si","",+IF(OR(SUM('Anexo I pag 1 oferta'!$G$34+'Anexo I pag 1 oferta'!$G$36)<=0,AND('Anexo I pag 1 oferta'!$G$34="",'Anexo I pag 1 oferta'!$G$36="")),"",IF(OR(('Anexo I pag 1 oferta'!$G$34/100)>'LOTE 1 Tabla Desglose Precio'!$J$6,('Anexo I pag 1 oferta'!$G$36/100)>'LOTE 2 Tabla Desglose Precio'!$J$6),"error % max.",IF(G84>=E84,+ROUND(((100-'Anexo I pag 1 oferta'!$G$36)/100)*'LOTE 2 Tabla Desglose Precio'!G84,2),ROUND(((100-'Anexo I pag 1 oferta'!$G$36)/100)*'LOTE 2 Tabla Desglose Precio'!E84,2))))) | K84: =IF('Anexo I pag 1 oferta'!$H$30<>"si","",+ROUND(+F84*J84,2))
A85: B.05.03 | B85: Partida | C85: Ud | D85: ENSAYO ESTÁTICO DE PUESTA EN CARGA DE PASARELA CON MEDICIÓN DE F | E85: 0.0376 | F85: 5 | G85: =+ROUND(($H$76*E85)/F85,2) -> 0 | H85: =+ROUND(+F85*G85,2) -> 0 | J85: =+IF('Anexo I pag 1 oferta'!$H$30<>"si","",+IF(OR(SUM('Anexo I pag 1 oferta'!$G$34+'Anexo I pag 1 oferta'!$G$36)<=0,AND('Anexo I pag 1 oferta'!$G$34="",'Anexo I pag 1 oferta'!$G$36="")),"",IF(OR(('Anexo I pag 1 oferta'!$G$34/100)>'LOTE 1 Tabla Desglose Precio'!$J$6,('Anexo I pag 1 oferta'!$G$36/100)>'LOTE 2 Tabla Desglose Precio'!$J$6),"error % max.",IF(G85>=E85,+ROUND(((100-'Anexo I pag 1 oferta'!$G$36)/100)*'LOTE 2 Tabla Desglose Precio'!G85,2),ROUND(((100-'Anexo I pag 1 oferta'!$G$36)/100)*'LOTE 2 Tabla Desglose Precio'!E85,2))))) | K85: =IF('Anexo I pag 1 oferta'!$H$30<>"si","",+ROUND(+F85*J85,2))
A86: B.05.04 | B86: Partida | C86: Ud | D86: ENSAYO ESTÁTICO DE PUESTA EN CARGA DE PASARELA SIN MEDICIÓN DE F | E86: 0.0431 | F86: 12 | G86: =+ROUND(($H$76*E86)/F86,2) -> 0 | H86: =+ROUND(+F86*G86,2) -> 0 | J86: =+IF('Anexo I pag 1 oferta'!$H$30<>"si","",+IF(OR(SUM('Anexo I pag 1 oferta'!$G$34+'Anexo I pag 1 oferta'!$G$36)<=0,AND('Anexo I pag 1 oferta'!$G$34="",'Anexo I pag 1 oferta'!$G$36="")),"",IF(OR(('Anexo I pag 1 oferta'!$G$34/100)>'LOTE 1 Tabla Desglose Precio'!$J$6,('Anexo I pag 1 oferta'!$G$36/100)>'LOTE 2 Tabla Desglose Precio'!$J$6),"error % max.",IF(G86>=E86,+ROUND(((100-'Anexo I pag 1 oferta'!$G$36)/100)*'LOTE 2 Tabla Desglose Precio'!G86,2),ROUND(((100-'Anexo I pag 1 oferta'!$G$36)/100)*'LOTE 2 Tabla Desglose Precio'!E86,2))))) | K86: =IF('Anexo I pag 1 oferta'!$H$30<>"si","",+ROUND(+F86*J86,2))
D87: CAP.05 | H87: =SUM(H83:H86) -> 0 | K87: =SUM(K83:K86) -> 0
A88: CAP.06 | B88: Capítulo | D88: SEGURIDAD Y SALUD ( # ) | E88: % | G88: (#) | H88: (#)
A89: B.06.01 | B89: Partida | C89: PA | D89: IMPLANTACIÓN MEDIDAS DE SEGURIDAD Y SALUD | E89: 0.0277 | F89: 1 | G89: =+ROUND(($H$76*E89)/F89,2) -> 0 | H89: =+ROUND(+F89*G89,2) -> 0 | J89: =+IF('Anexo I pag 1 oferta'!$H$30<>"si","",+IF(OR(SUM('Anexo I pag 1 oferta'!$G$34+'Anexo I pag 1 oferta'!$G$36)<=0,AND('Anexo I pag 1 oferta'!$G$34="",'Anexo I pag 1 oferta'!$G$36="")),"",IF(OR(('Anexo I pag 1 oferta'!$G$34/100)>'LOTE 1 Tabla Desglose Precio'!$J$6,('Anexo I pag 1 oferta'!$G$36/100)>'LOTE 2 Tabla Desglose Precio'!$J$6),"error % max.",IF(G89>=E89,+ROUND(((100-'Anexo I pag 1 oferta'!$G$36)/100)*'LOTE 2 Tabla Desglose Precio'!G89,2),ROUND(((100-'Anexo I pag 1 oferta'!$G$36)/100)*'LOTE 2 Tabla Desglose Precio'!E89,2))))) | K89: =IF('Anexo I pag 1 oferta'!$H$30<>"si","",+ROUND(+F89*J89,2))
D90: CAP.06 | H90: =SUM(H89) -> 0 | K90: =SUM(K89) -> 0
D91: Suma proyecto EPR_PRADOREY | H91: =+H90+H87+H81+H75+H72+H58 -> 0 | K91: =+K90+K87+K81+K75+K72+K58 -> 0
A92: .
A93: Código | B93: Nat | C93: Ud | D93: Resumen | F93: CanPres | G93: PrPres | H93: ImpPres (*) | J93: PrPres | K93: ImpPres (*)
A94: Proyecto: MEJORAS EN PASARELAS DE MANTENIMIENTO Y ESCALERAS EDIFICIO "CORONA"
A95: CAP.01 | B95: Capítulo | D95: PASARELAS PLANTAS 2ª A 4ª
A96: C.01.01 | B96: Partida | C96: m | D96: DESMONTAJE BARANDAL CABLE DE ACERO DIÁMETRO 10MM CON RECUPERACIÓ | F96: 653.7 | H96: =+ROUND(+F96*G96,2) -> 0 | J96: =+IF('Anexo I pag 1 oferta'!$H$30<>"si","",+IF(OR(SUM('Anexo I pag 1 oferta'!$G$34+'Anexo I pag 1 oferta'!$G$36)<=0,AND('Anexo I pag 1 oferta'!$G$34="",'Anexo I pag 1 oferta'!$G$36="")),"",IF(OR(('Anexo I pag 1 oferta'!$G$34/100)>'LOTE 1 Tabla Desglose Precio'!$J$6,('Anexo I pag 1 oferta'!$G$36/100)>'LOTE 2 Tabla Desglose Precio'!$J$6),"error % max.",IF(G96>=E96,+ROUND(((100-'Anexo I pag 1 oferta'!$G$36)/100)*'LOTE 2 Tabla Desglose Precio'!G96,2),ROUND(((100-'Anexo I pag 1 oferta'!$G$36)/100)*'LOTE 2 Tabla Desglose Precio'!E96,2))))) | K96: =IF('Anexo I pag 1 oferta'!$H$30<>"si","",+ROUND(+F96*J96,2))
A97: C.01.02 | B97: Partida | C97: ud | D97: DESMONTAJE BALAUSTRE METÁLICO DOBLE PLETINA 40.8MM. SIN RECUPERA | F97: 98 | H97: =+ROUND(+F97*G97,2) -> 0 | J97: =+IF('Anexo I pag 1 oferta'!$H$30<>"si","",+IF(OR(SUM('Anexo I pag 1 oferta'!$G$34+'Anexo I pag 1 oferta'!$G$36)<=0,AND('Anexo I pag 1 oferta'!$G$34="",'Anexo I pag 1 oferta'!$G$36="")),"",IF(OR(('Anexo I pag 1 oferta'!$G$34/100)>'LOTE 1 Tabla Desglose Precio'!$J$6,('Anexo I pag 1 oferta'!$G$36/100)>'LOTE 2 Tabla Desglose Precio'!$J$6),"error % max.",IF(G97>=E97,+ROUND(((100-'Anexo I pag 1 oferta'!$G$36)/100)*'LOTE 2 Tabla Desglose Precio'!G97,2),ROUND(((100-'Anexo I pag 1 oferta'!$G$36)/100)*'LOTE 2 Tabla Desglose Precio'!E97,2))))) | K97: =IF('Anexo I pag 1 oferta'!$H$30<>"si","",+ROUND(+F97*J97,2))
A98: C.01.03 | B98: Partida | C98: ud | D98: BALAUSTRE DOBLE PLETINA 50.12MM ACERO GALVANIZADO EN CALIENTE. | F98: 98 | H98: =+ROUND(+F98*G98,2) -> 0 | J98: =+IF('Anexo I pag 1 oferta'!$H$30<>"si","",+IF(OR(SUM('Anexo I pag 1 oferta'!$G$34+'Anexo I pag 1 oferta'!$G$36)<=0,AND('Anexo I pag 1 oferta'!$G$34="",'Anexo I pag 1 oferta'!$G$36="")),"",IF(OR(('Anexo I pag 1 oferta'!$G$34/100)>'LOTE 1 Tabla Desglose Precio'!$J$6,('Anexo I pag 1 oferta'!$G$36/100)>'LOTE 2 Tabla Desglose Precio'!$J$6),"error % max.",IF(G98>=E98,+ROUND(((100-'Anexo I pag 1 oferta'!$G$36)/100)*'LOTE 2 Tabla Desglose Precio'!G98,2),ROUND(((100-'Anexo I pag 1 oferta'!$G$36)/100)*'LOTE 2 Tabla Desglose Precio'!E98,2))))) | K98: =IF('Anexo I pag 1 oferta'!$H$30<>"si","",+ROUND(+F98*J98,2))
A99: C.01.04 | B99: Partida | C99: m | D99: BARANDAL CABLE POSTENSADO ACERO GALVANIZADO DIÁMETRO 10MM C/TENS | F99: 653.7 | H99: =+ROUND(+F99*G99,2) -> 0 | J99: =+IF('Anexo I pag 1 oferta'!$H$30<>"si","",+IF(OR(SUM('Anexo I pag 1 oferta'!$G$34+'Anexo I pag 1 oferta'!$G$36)<=0,AND('Anexo I pag 1 oferta'!$G$34="",'Anexo I pag 1 oferta'!$G$36="")),"",IF(OR(('Anexo I pag 1 oferta'!$G$34/100)>'LOTE 1 Tabla Desglose Precio'!$J$6,('Anexo I pag 1 oferta'!$G$36/100)>'LOTE 2 Tabla Desglose Precio'!$J$6),"error % max.",IF(G99>=E99,+ROUND(((100-'Anexo I pag 1 oferta'!$G$36)/100)*'LOTE 2 Tabla Desglose Precio'!G99,2),ROUND(((100-'Anexo I pag 1 oferta'!$G$36)/100)*'LOTE 2 Tabla Desglose Precio'!E99,2))))) | K99: =IF('Anexo I pag 1 oferta'!$H$30<>"si","",+ROUND(+F99*J99,2))
A100: C.01.05 | B100: Partida | C100: m | D100: PASAMANOS TRAMO EXTREMO TUBO CIRCULAR 50.2MM C/SUPLEMENTO IPE-10 | F100: 66 | H100: =+ROUND(+F100*G100,2) -> 0 | J100: =+IF('Anexo I pag 1 oferta'!$H$30<>"si","",+IF(OR(SUM('Anexo I pag 1 oferta'!$G$34+'Anexo I pag 1 oferta'!$G$36)<=0,AND('Anexo I pag 1 oferta'!$G$34="",'Anexo I pag 1 oferta'!$G$36="")),"",IF(OR(('Anexo I pag 1 oferta'!$G$34/100)>'LOTE 1 Tabla Desglose Precio'!$J$6,('Anexo I pag 1 oferta'!$G$36/100)>'LOTE 2 Tabla Desglose Precio'!$J$6),"error % max.",IF(G100>=E100,+ROUND(((100-'Anexo I pag 1 oferta'!$G$36)/100)*'LOTE 2 Tabla Desglose Precio'!G100,2),ROUND(((100-'Anexo I pag 1 oferta'!$G$36)/100)*'LOTE 2 Tabla Desglose Precio'!E100,2))))) | K100: =IF('Anexo I pag 1 oferta'!$H$30<>"si","",+ROUND(+F100*J100,2))
A101: C.01.06 | B101: Partida | C101: m | D101: PASAMANOS TRAMO ESQUINA TUBO CIRCULAR 50.2MM C/SUPLEMENTO IPE-10 | F101: 18 | H101: =+ROUND(+F101*G101,2) -> 0 | J101: =+IF('Anexo I pag 1 oferta'!$H$30<>"si","",+IF(OR(SUM('Anexo I pag 1 oferta'!$G$34+'Anexo I pag 1 oferta'!$G$36)<=0,AND('Anexo I pag 1 oferta'!$G$34="",'Anexo I pag 1 oferta'!$G$36="")),"",IF(OR(('Anexo I pag 1 oferta'!$G$34/100)>'LOTE 1 Tabla Desglose Precio'!$J$6,('Anexo I pag 1 oferta'!$G$36/100)>'LOTE 2 Tabla Desglose Precio'!$J$6),"error % max.",IF(G101>=E101,+ROUND(((100-'Anexo I pag 1 oferta'!$G$36)/100)*'LOTE 2 Tabla Desglose Precio'!G101,2),ROUND(((100-'Anexo I pag 1 oferta'!$G$36)/100)*'LOTE 2 Tabla Desglose Precio'!E101,2))))) | K101: =IF('Anexo I pag 1 oferta'!$H$30<>"si","",+ROUND(+F101*J101,2))
A102: C.01.07 | B102: Partida | C102: m | D102: PASAMANOS TRAMO INTERMEDIO TUBO CIRCULAR 50.2MM ACERO GALVANIZAD | F102: 154.1 | H102: =+ROUND(+F102*G102,2) -> 0 | J102: =+IF('Anexo I pag 1 oferta'!$H$30<>"si","",+IF(OR(SUM('Anexo I pag 1 oferta'!$G$34+'Anexo I pag 1 oferta'!$G$36)<=0,AND('Anexo I pag 1 oferta'!$G$34="",'Anexo I pag 1 oferta'!$G$36="")),"",IF(OR(('Anexo I pag 1 oferta'!$G$34/100)>'LOTE 1 Tabla Desglose Precio'!$J$6,('Anexo I pag 1 oferta'!$G$36/100)>'LOTE 2 Tabla Desglose Precio'!$J$6),"error % max.",IF(G102>=E102,+ROUND(((100-'Anexo I pag 1 oferta'!$G$36)/100)*'LOTE 2 Tabla Desglose Precio'!G102,2),ROUND(((100-'Anexo I pag 1 oferta'!$G$36)/100)*'LOTE 2 Tabla Desglose Precio'!E102,2))))) | K102: =IF('Anexo I pag 1 oferta'!$H$30<>"si","",+ROUND(+F102*J102,2))
A103: C.01.08 | B103: Partida | C103: m | D103: RODAPIÉ METÁLICO CHAPA 2MM GALVANIZADA EN CALIENTE. | F103: 238.1 | H103: =+ROUND(+F103*G103,2) -> 0 | J103: =+IF('Anexo I pag 1 oferta'!$H$30<>"si","",+IF(OR(SUM('Anexo I pag 1 oferta'!$G$34+'Anexo I pag 1 oferta'!$G$36)<=0,AND('Anexo I pag 1 oferta'!$G$34="",'Anexo I pag 1 oferta'!$G$36="")),"",IF(OR(('Anexo I pag 1 oferta'!$G$34/100)>'LOTE 1 Tabla Desglose Precio'!$J$6,('Anexo I pag 1 oferta'!$G$36/100)>'LOTE 2 Tabla Desglose Precio'!$J$6),"error % max.",IF(G103>=E103,+ROUND(((100-'Anexo I pag 1 oferta'!$G$36)/100)*'LOTE 2 Tabla Desglose Precio'!G103,2),ROUND(((100-'Anexo I pag 1 oferta'!$G$36)/100)*'LOTE 2 Tabla Desglose Precio'!E103,2))))) | K103: =IF('Anexo I pag 1 oferta'!$H$30<>"si","",+ROUND(+F103*J103,2))
A104: C.01.09 | B104: Partida | C104: Ud | D104: LÍNEA DE VIDA HORIZONTAL TEMPORAL CABLE ACERO GALV. C/AMORTIGUAD | F104: 6 | H104: =+ROUND(+F104*G104,2) -> 0 | J104: =+IF('Anexo I pag 1 oferta'!$H$30<>"si","",+IF(OR(SUM('Anexo I pag 1 oferta'!$G$34+'Anexo I pag 1 oferta'!$G$36)<=0,AND('Anexo I pag 1 oferta'!$G$34="",'Anexo I pag 1 oferta'!$G$36="")),"",IF(OR(('Anexo I pag 1 oferta'!$G$34/100)>'LOTE 1 Tabla Desglose Precio'!$J$6,('Anexo I pag 1 oferta'!$G$36/100)>'LOTE 2 Tabla Desglose Precio'!$J$6),"error % max.",IF(G104>=E104,+ROUND(((100-'Anexo I pag 1 oferta'!$G$36)/100)*'LOTE 2 Tabla Desglose Precio'!G104,2),ROUND(((100-'Anexo I pag 1 oferta'!$G$36)/100)*'LOTE 2 Tabla Desglose Precio'!E104,2))))) | K104: =IF('Anexo I pag 1 oferta'!$H$30<>"si","",+ROUND(+F104*J104,2))
A105: C.01.10 | B105: Partida | C105: Ud | D105: LÍNEA DE VIDA HORIZONTAL TEMPORAL CINTA POLIÉSTER FIJADA A SOPOR | F105: 6 | H105: =+ROUND(+F105*G105,2) -> 0 | J105: =+IF('Anexo I pag 1 oferta'!$H$30<>"si","",+IF(OR(SUM('Anexo I pag 1 oferta'!$G$34+'Anexo I pag 1 oferta'!$G$36)<=0,AND('Anexo I pag 1 oferta'!$G$34="",'Anexo I pag 1 oferta'!$G$36="")),"",IF(OR(('Anexo I pag 1 oferta'!$G$34/100)>'LOTE 1 Tabla Desglose Precio'!$J$6,('Anexo I pag 1 oferta'!$G$36/100)>'LOTE 2 Tabla Desglose Precio'!$J$6),"error % max.",IF(G105>=E105,+ROUND(((100-'Anexo I pag 1 oferta'!$G$36)/100)*'LOTE 2 Tabla Desglose Precio'!G105,2),ROUND(((100-'Anexo I pag 1 oferta'!$G$36)/100)*'LOTE 2 Tabla Desglose Precio'!E105,2))))) | K105: =IF('Anexo I pag 1 oferta'!$H$30<>"si","",+ROUND(+F105*J105,2))
...

Sheet INSTRUCCIONES oferta conjunta
A2: PASOS PARA PRESENTACIÓN DE OFERTA CONJUNTA
A4: 1) | B4: Cumplimentar las hojas de desglose de precios de cada uno de ambos lotes
A6: 2) | B6: Escribir SI en la celda sombreada de respuesta a "Presenta oferta conjunta"
A8: 3) | B8: Indicar (con dos decimales) el descuento que se oferta en cada lote
B9: obligatorio indicar 0,00 % en lote al que no se oferte con descuento.
A11: 4) | B11: Todas las celdas en azul se completarán automáticamente, tanto en Página 1
B12: como en tablas de desglose de precios.
A14: 5) | B14: Comprobar e imprimir en pdf Anexo 1 y tablas desglose de precios de LOTE 1 y LOTE 2
A16: 6) | B16: FIRMAR PDFS
A18: 7) | B18: Presentar TODOS LOS PDFS FIRMADOS EN LOS SOBRES CORRESPONDIENTES A AMBOS LOTES
A21: NOTA IMPORTANTE:
A23: Los descuentos ofertados se aplican A TODAS LAS PARTIDAS DEL LOTE, SIN EXCEPCIONES
A26: PARA EVITAR ERRORES AL PRESENTAR OFERTA CONJUNTA
A29: Recuerde:
A30: Recuerde: Para presentar oferta conjunta con este fichero deben cumplirse los siguientes requisitos,
A31: en caso contrario recibirá un mensaje de aviso o error y no se visualizará el importe de la oferta conjunta
A34: .a) | B34: DEBE COMPLETARSE OFERTA A AMBOS LOTES POR SEPARADO
A36: .b) | B36: DEBE INDICARSE "SI" como respuesta a "Presenta oferta conjunta (si/no)"
A38: .c) | B38: El descto ofertado a POR LO MENOS UNO de los dos lotes debe ser mayor que 0,00 %
